 Dungeon Crawl Stone Soup version 0.31-a0-521-gc7390f8997 (webtiles) character file.

Game seed: 4672490985102679675

2235398 MackTheKnife the Meteorologist (level 26, 172/172 HPs)
             Began as a Tengu Air Elementalist on Aug 10, 2023.
             Was an Initiate of Gozag.
             Escaped with the Orb
             ... and 4 runes on Aug 11, 2023!
             The game lasted 02:21:02 (71383 turns).

MackTheKnife the Meteorologist (TeAE)              Turns: 71383, Time: 02:21:03

Health: 172/172    AC: 24    Str:  4    XL:     26   Next: 39%
Magic:  49/49      EV: 28    Int: 39    God:    Gozag
Gold:   1293       SH:  9    Dex: 17    Spells: 6/67 levels left

rFire   + + +        B - +3 Elemental Staff {ele, rElec rF+ rC+ AC+3}
rCold   + + .        T - +3 buckler {AC+3}
rNeg    + . .        P - +3 faerie dragon scales {rPois rF+++ rN+ rCorr Dex-2}
rPois   +            e - +2 hood of the Assassin {Detect Stab+ Stlth++}
rElec   +            Y - +1 cloak of Starlight {*Dazzle EV+4 Stlth--}
rCorr   +            M - +2 pair of gloves {Dex+3}
SInv    +            (boots unavailable)
Will    ++...        t - amulet of Beauty {RegenMP Str+3}
Stlth   ++           g - ring of Sif Muna's Regard {rPois rF+ Str-4 Int+9 Slay+2}
HPRegen 0.48/turn    G - ring "Inuonits" {rPois rF++ rC+ Will+ SInv}
MPRegen 0.71/turn

%: no passive effects
@: flying quickly and evasively, studying 3 skills, quick
A: beak, talons 3, nimble flight, thin skeletal structure 1, camouflage 1, see
invisible, clever 1, clumsy 1, weak 1
0: Orb of Zot
}: 4/15 runes: decaying, serpentine, slimy, silver
a: Renounce Religion, Potion Petition, Call Merchant, Bribe Branch


You escaped.
You worshipped Gozag.
Gozag was most pleased with you.
You visited 10 branches of the dungeon, and saw 50 of its levels.
You also visited: Trove, Gauntlet and Volcano.

You collected 26859 gold pieces.
You spent 9339 gold pieces at shops.
You paid 16227 gold pieces to Gozag.


Innate Abilities, Weirdness & Mutations

You have a beak for a mouth.
You have claws for feet.
Your magical nature lets you fly swiftly and evasively.
You have a somewhat thin skeletal structure. (Dex +2, Stealth+)
Your skin changes colour to match your surroundings (Stealth+).
You have supernaturally acute eyesight. (SInv)
Your mind is acute. (Int +4, Str/Dex -1)
You are clumsy. (Dex -2)
You are weak. (Str -2)


   Skills:
 - Level 19.0 Fighting
 - Level 2.9 Short Blades
 - Level 5.0 Staves
 - Level 8.0 Armour
 - Level 22.1 Dodging
 - Level 8.0 Stealth
 - Level 8.0 Shields
 - Level 21.0 Spellcasting
 - Level 23.1 Conjurations
 + Level 13.8 Summonings
 + Level 9.8 Necromancy
 - Level 12.8 Fire Magic
 O Level 27 Air Magic
 - Level 7.1 Evocations


You had 6 spell levels left.
You knew the following spells:

 Your Spells              Type           Power      Damage    Failure   Level
a - Shock                 Conj/Air       100%       1d9       0%          1
b - Arcjolt               Conj/Air       75%        1d85      0%          5
c - Airstrike             Air            77%        2d(11-27) 0%          4
d - Plasma Beam           Fire/Air       82%        2x1d100   1%          6
e - Death Channel         Necr           43%        N/A       6%          6
f - Irradiate             Conj/Tmut      46%        3d27      1%          5
g - Maxwell's Capacitive  Air            77%        ∞         1%          8
h - Call Canine Familiar  Summ           99%        N/A       1%          3
i - Spellforged Servitor  Conj/Summ      55%        N/A       1%          7
j - Chain Lightning       Conj/Air       75%        3d100     8%          9
k - Haunt                 Necr/Summ      46%        N/A       14%         7

Your spell library contained the following spells:

 Spells                   Type           Power      Damage    Failure   Level
 Foxfire                  Conj/Fire      100%       2x1d9     0%          1
 Kiss of Death            Conj/Necr      100%       2d13      0%          1
 Magic Dart               Conj           100%       1d8       0%          1
 Summon Small Mammal      Summ           100%       N/A       0%          1
 Call Imp                 Summ           100%       N/A       0%          2
 Poisonous Vapours        Pois/Air       100%       N/A       0%          2
 Searing Ray              Conj           100%       2d8       0%          2
 Static Discharge         Conj/Air       100%       2-7/arc   0%          2
 Mephitic Cloud           Conj/Pois/Air  100%       N/A       0%          3
 Swiftness                Air            100%       N/A       0%          3
 Flame Wave               Conj/Fire      100%       2d21      0%          4
 Sticky Flame             Conj/Fire      100%       2d11      0%          4
 Summon Lightning Spire   Summ/Air       100%       N/A       0%          4
 Iskenderun's Battlesphe  Conj           100%       2d15      0%          5
 Conjure Ball Lightning   Conj/Air       75%        3x3d28    0%          6
 Necrotise                Necr           100%       1d9       1%          1
 Cigotuvi's Dreadful Rot  Necr/Pois/Air  100%       N/A       1%          2
 Sublimation of Blood     Necr           87%        N/A       1%          2
 Dazzling Flash           Conj/Hex       100%       N/A       1%          3
 Hailstorm                Conj/Ice       100%       3d20      1%          3
 Ignite Poison            Fire/Tmut/Pois 84%        N/A       1%          3
 Inner Flame              Hex/Fire       94%        N/A       1%          3
 Stone Arrow              Conj/Erth      100%       3d13      1%          3
 Summon Guardian Golem    Hex/Summ       76%        N/A       1%          3
 Vampiric Draining        Necr           87%        2d12      1%          3
 Vhi's Electric Charge    Tloc/Air       100%       N/A       1%          3
 Volatile Blastmotes      Fire/Tloc      100%       2d18      1%          3
 Animate Armour           Summ/Erth      100%       N/A       1%          4
 Dispel Undead            Necr           87%        3d28      1%          4
 Fulminant Prism          Conj/Hex       46%        3d20      1%          4
 Iskenderun's Mystic Bla  Conj/Tloc      92%        2d18      1%          4
 Summon Ice Beast         Ice/Summ       97%        N/A       1%          4
 Agony                    Necr           87%        N/A       1%          5
 Fireball                 Conj/Fire      67%        3d25      1%          5
 Freezing Cloud           Conj/Ice/Air   78%        6-21      1%          5
 Starburst                Conj/Fire      67%        6d17      1%          6
 Summon Cactus Giant      Summ           49%        N/A       1%          6
 Apportation              Tloc           82%        N/A       2%          1
 Freeze                   Ice            100%       1d10      2%          1
 Sandblast                Erth           100%       2d20      2%          1
 Sting                    Tmut/Pois      100%       1d8       2%          1
 Ensorcelled Hibernation  Hex/Ice        100%       N/A       3%          2
 Passwall                 Tmut/Erth      47%        N/A       3%          2
 Wereblood                Tmut           41%        N/A       3%          2
 Summon Forest            Summ/Tloc      38%        N/A       3%          5
 Summon Mana Viper        Hex/Summ       76%        N/A       3%          5
 Leda's Unmaking          Conj/Erth      57%        9d9       3%          6
 Confusing Touch          Hex            41%        N/A       6%          3
 Frozen Ramparts          Ice            100%       1d16      6%          3
 Ozocubu's Armour         Ice            57%        N/A       6%          3
 Portal Projectile        Hex/Tloc       82%        N/A       6%          3
 Tukima's Dance           Hex            41%        N/A       6%          3
 Cause Fear               Hex            20%        N/A       22%         4
 Olgreb's Toxic Radiance  Pois           41%        N/A       22%         4
 Petrify                  Tmut/Erth      57%        N/A       22%         4
 Metabolic Englaciation   Hex/Ice        28%        N/A       52%         5
 Yara's Violent Unravell  Hex/Tmut       20%        3d9       52%         5
 Eringya's Noxious Bog    Tmut/Pois      20%        4d6       97%         6
 Orb of Destruction       Conj           61%        9d15      1%          7
 Summon Hydra             Summ           49%        N/A       6%          7
 Summon Horrible Things   Summ           49%        N/A       45%         8
 Ignition                 Fire           59%        3d16      58%         8
 Malign Gateway           Summ/Tloc      38%        N/A       71%         7
 Lehudib's Crystal Spear  Conj/Erth      57%        10d13     77%         8
 Fire Storm               Conj/Fire      67%        8d17      80%         9
 Infestation              Necr           43%        N/A       94%         8
 Enfeeble                 Hex            20%        N/A       100%        7
 Ozocubu's Refrigeration  Ice            28%        4d13      100%        7
 Discord                  Hex            20%        N/A       100%        8
 Dragon's Call            Summ           49%        N/A       100%        9
 Shatter                  Erth           28%        3d24*     100%        9
 Animate Dead             Necr           Unusable   N/A       N/A         4
 Simulacrum               Ice/Necr       Unusable   N/A       N/A         6

Inventory:

Hand Weapons
 B - the +3 Elemental Staff (weapon) {ele, rElec rF+ rC+ AC+3}
   (You took it off a deep elf zephyrmancer on level 12 of the Dungeon)

   AC+3:      It affects your AC (+3).
   rF+:       It protects you from fire.
   rC+:       It protects you from cold.
   rElec:     It insulates you from electricity.
 U - a +0 quick blade of draining {shortrare=g}
   (You took it off a spriggan air mage on level 3 of the Depths)
Armour
 e - the +2 hood of the Assassin (worn) {Detect Stab+ Stlth++}
   (You bought it in a shop on level 1 of the Vaults)

   Detect:    It allows the wearer to sense nearby creatures.
   Stab+:     It allows the wearer to make particularly effective stabbing
   attacks against helpless or unaware enemies with any weapon.
   Stlth++:   It makes you much more stealthy.
 M - a +2 pair of gloves of dexterity (worn)
   (You found it on level 5 of the Lair of Beasts)
 P - the +3 faerie dragon scales (worn) {rPois rF+++ rN+ rCorr Dex-2}
   (You took it off the Enchantress on level 1 of the Depths)

   Dex-2:     It affects your dexterity (-2).
   rF+++:     It renders you almost immune to fire.
   rPois:     It protects you from poison rN+: It protects you from negative
   energy.
   rCorr:     It protects you from acid and corrosion.
 T - a +3 buckler of protection (worn)
   (You took it off the Enchantress on level 1 of the Depths)
 Y - the +1 cloak of Starlight (worn) {*Dazzle EV+4 Stlth--}
   (You found it on level 2 of the Snake Pit)

   *Dazzle:   It may blind those who miss an attack against the wearer in melee
   combat.
   EV+4:      It affects your evasion (+4).
   Stlth--:   It makes you much less stealthy.
Jewellery
 g - the ring of Sif Muna's Regard (left hand) {rPois rF+ Str-4 Int+9 Slay+2}
   (You took it off a wight on level 8 of the Dungeon)

   [ring of protection from fire]

   Str-4:     It affects your strength (-4).
   Int+9:     It affects your intelligence (+9).
   Slay+2:    It affects your accuracy & damage with ranged weapons and melee
   (+2).
   rF+:       It protects you from fire.
   rPois:     It protects you from poison
 t - the amulet of Beauty (around neck) {RegenMP Str+3}
   (You found it in a Gauntlet)

   [amulet of magic regeneration]

   RegenMP:   It increases your rate of magic regeneration.
   Str+3:     It affects your strength (+3).
 G - the ring "Inuonits" (right hand) {rPois rF++ rC+ Will+ SInv}
   (You bought it in a shop on level 7 of the Dungeon)

   [ring of protection from cold]

   rF++:      It greatly protects you from fire.
   rC+:       It protects you from cold.
   rPois:     It protects you from poison Will+: It increases your willpower.
   SInv:      It lets you see invisible.
Wands
 u - a wand of charming (30)
   (You took it off a kobold brigand on level 4 of the Dungeon)
 x - a wand of digging (16)
   (You found it on level 9 of the Dungeon)
 A - a wand of roots (45)
   (You found it on level 1 of the Lair of Beasts)
 E - a wand of light (19)
   (You found it on level 8 of the Dungeon)
 J - a wand of mindburst (22)
   (You found it on level 15 of the Dungeon)
 K - a wand of flame (130)
   (You found it on level 5 of the Lair of Beasts)
Scrolls
 a - 11 scrolls of fear
 c - 6 scrolls of butterflies
 f - 4 scrolls of silence {!r}
 h - 23 scrolls of teleportation {@r4}
 q - 11 scrolls of vulnerability {!r!r}
 w - 3 scrolls of immolation {!r!r}
 z - 4 scrolls of poison
 F - 8 scrolls of enchant weapon
 H - 4 scrolls of fog
 S - 2 scrolls of revelation
 W - 4 scrolls of enchant armour
 X - 3 scrolls of blinking {!r}
Potions
 b - 4 potions of magic
 i - 10 potions of brilliance
 k - 12 potions of heal wounds {@q2}
 l - 3 potions of haste {@q3}
 m - 4 potions of invisibility
 n - 3 potions of lignification {!q}
 o - 6 potions of might
 p - 11 potions of mutation {!q}
 r - 13 potions of curing {@q1}
 s - 6 potions of attraction {!q}
 D - 2 potions of enlightenment
 I - 4 potions of resistance
 N - 3 potions of ambrosia
 V - 2 potions of cancellation
Miscellaneous
 d - a sack of spiders
   (You found it on level 8 of the Dungeon)
 C - a phial of floods
   (You found it on level 8 of the Dungeon)
 Q - a lightning rod (4/4)
   (You found it in a Gauntlet)
 R - a tin of tremorstones (2/2) {throwing}
   (You found it in a Gauntlet)

Dungeon Overview and Level Annotations

Branches:
Dungeon (15/15)            Temple (0/1) D:5            Lair (5/5) D:8
  Swamp (4/4) Lair:2        Snake (4/4) Lair:3        Slime (5/5) Lair:4
    Orc (2/2) D:10            Elf (1/3) Orc:2        Vaults (5/5) D:14
  Crypt (0/3) Vaults:2     Depths (4/4) D:15            Zot (5/5) Depths:4
Volcano (visited)         Gauntlet (visited)

Altars:
Ashenzari
Cheibriados
Dithmenos
Fedhas
Gozag
Hepliaklqana
Kikubaaqudgha
Nemelex Xobeh
Okawaru
Trog
Uskayaw
Vehumet
Wu Jian
Yredelemnul
Zin
The Shining One
Jiyva
Lugonu

Shops:
D:4 :   D:5 !   D:6 :   D:7 =   D:8 (*[[   D:11 :   Orc:2 *:!=   Lair:1 [
Swamp:1 [*   Snake:1 ?   Vaults:1 [   Vaults:3 [   Vaults:4 [   Zot:3 *
Depths:2 =

Portals:
Hell: Depths:1 Depths:2 Depths:3 Depths:4
Abyss: Snake:2 Depths:2 Depths:3 Depths:4
Pandemonium: Depths:1 Depths:2
Ziggurat: Depths:2

Annotations:
D:4 1 runed translucent door, CyKii's ghost, amateur DjHW
D:7 exclusion: statue
Vaults:4 3 runed translucent doors, Ymilidghe's ghost, adept TrGl

##..##########.######### #..
#.......######.######### ##.
..##....##.............# ##
####....##.............#### # ##
####.##..######'##..##.# # .#
####.##..#.......#..##.######
)###........#.......'..##......##
.).#.#†.##..#.......#..##.####...
##.#.#..##..#...@...#..##.#######
#...#..##..#.......#..##.....###
###..#..##..#.......#..##..##....
#....#..##..+.......#.....######.
#.##.#..##..#.......#..#### ##
..##.#..##..##+######..# #
.###....##.............#
.###...###.............# ...##..#
#########.##############


There were no monsters in sight!


Message History

The hell hog completely resists.
The fireball engulfs you. You resist. The hell hog completely misses you.
A hell hog comes into view. 😕 HP[-1] MP[-6]
You take 1 damage, and now have 166/172 hp.
You lost 6 mp, and now have 43/49 mp.
Casting: Plasma Beam (mildly dangerous; 1% risk of failure)
Confirm with . or Enter, or press ? or * to list all spells.
Casting: Plasma Beam (mildly dangerous; 1% risk of failure)
Press: ? - help, Dir - look around, f - activate You feel a strong surge of power!
The bolt of lightning hits the hell hog but does no damage.
The bolt of lightning hits the hell hog!!
The fiery plasma hits the hell hog.
The hell hog completely resists.
The fiery plasma hits the hell hog.
The hell hog completely resists.
You block the hell hog's attack.
The hell hog completely misses you. 😕 MP[-5]
You lost 5 mp, and now have 38/49 mp.
Okay, then.
Casting: Plasma Beam (mildly dangerous; 1% risk of failure)
Confirm with . or Enter, or press ? or * to list all spells.
You feel a surge of power!
You miscast Chain Lightning.
You are very lightly contaminated with residual magic.
You are blasted with air!
You resist. The hell hog breathes fire at you.
The fireball explodes!
The fireball engulfs you. You resist.
The fireball engulfs the hell hog.
The hell hog completely resists.
The fireball engulfs the hell hog.
The hell hog completely resists.
The fireball engulfs the hell hog.
The hell hog completely resists.
The hell hog breathes fire at you.
The fireball explodes!
The fireball engulfs the hell hog.
The hell hog completely resists.
The fireball engulfs the hell hog.
The hell hog completely resists.
The fireball engulfs the hell hog.
The hell hog completely resists.
The fireball engulfs you. You resist. 😕 HP[-15] MP[-8]
You take 15 damage, and now have 151/172 hp.
You lost 8 mp, and now have 30/49 mp.
Unknown command.
Casting: Chain Lightning (dangerous; 8% risk of failure)
Confirm with . or Enter, or press ? or * to list all spells.
You feel a surge of power! Lightning arcs from your hands!
The bolt of lightning hits the hell hog!!!!
You kill the hell hog!
The bolt of lightning hits the hell hog!!!!
You kill the hell hog!
The bolt of lightning hits the hell hog!!!
You kill the hell hog!
The bolt of lightning hits you! You resist.
The bolt of lightning hits the hell hog!!!!
You kill the hell hog! 😕 HP[-7] MP[-8]
You take 7 damage, and now have 144/172 hp.
You lost 8 mp, and now have 22/49 mp.
Unknown command.
Unknown command.
You now have 1293 gold pieces (gained 8). 😕 HP[+1] MP[+1] 😕 MP[+1]
There is a stone staircase leading up here. 😕 HP[+1]
You start resting.
Your magical contamination has completely faded away. 😕 HP[+11] MP[+16]
You regained 11 hp, and now have 157/172 hp.
You regained 16 mp, and now have 40/49 mp.
You fly upwards.
There is a stone staircase leading down here. 😕 HP[+1] MP[+2]
You regained 2 mp, and now have 42/49 mp.
What level of the Dungeon? (default 1, ? - help)
There is a stone staircase leading up here.
You fly upwards.
There is a stone staircase leading down here. 😕 HP[+6] MP[+7]
You regained 6 hp, and now have 164/172 hp.
Your mp is fully restored (49).
A shadow demon comes into view. 😕 HP[+2]
You regained 2 hp, and now have 166/172 hp.
Unknown command.
Unknown command.
Casting: Chain Lightning (dangerous; 8% risk of failure)
Confirm with . or Enter, or press ? or * to list all spells.
You feel a surge of power! Lightning arcs from your hands!
The bolt of lightning hits the shadow demon!!!!
You kill the shadow demon!
The bolt of lightning hits you. You resist. 😕 HP[-3] MP[-9]
You take 3 damage, and now have 163/172 hp.
You lost 9 mp, and now have 40/49 mp.
Unknown command.
Unknown command.
You reach down and open the door.
There is an open door here.
There is a staircase leading out of the dungeon here. 😎 HP[+9] MP[+9]
Your hp is fully restored (172).
Your mp is fully restored (49).
You have escaped!

Skill      XL: |  1  2  3  4  5  6  7  8  9 10 11 12 13 14 15 16 17 18 19 20 21 22 23 24 25 26 |
---------------+-------------------------------------------------------------------------------+-----
Conjurations   | 2 3 4 10 11 12 14 16 20 22 23 | 23.1
Air Magic      | 5 6 7 9 12 13 14 16 17 18 20 22 27 | 27.0
Spellcasting   | 3 5 8 9 11 14 16 18 21 | 21.0
Fighting       | 4 7 8 10 12 14 15 16 19 | 19.0
Dodging        | 5 8 9 10 12 14 18 19 22 | 22.1
Evocations     | 6 7 |  7.1
Fire Magic     | 8 10 12 | 12.8
Necromancy     | 3 7 8 9 |  9.8
Short Blades   | 2 |  2.9
Staves         | 4 5 |  5.0
Summonings     | 7 12 13 | 13.8
Shields        | 4 6 8 |  8.0
Armour         | 4 6 8 |  8.0
Stealth        | 6 8 |  8.0

Action                     |  1- 3 |  4- 6 |  7- 9 | 10-12 | 13-15 | 16-18 | 19-21 | 22-24 | 25-27 || total
---------------------------+-------+-------+-------+-------+-------+-------+-------+-------+-------++-------
  Melee: Unarmed           |     4 |       |       |    12 |       |       |       |       |       ||    16
         Kick              |     4 |     1 |     3 |     9 |    31 |    17 |    13 |    14 |    16 ||   108
         Peck              |     2 |     1 |     1 |     7 |    19 |    12 |     5 |    11 |     8 ||    66
         Dagger            |     8 |    12 |     3 |       |       |       |       |       |       ||    23
         Quarterstaff      |       |       |     9 |       |       |       |       |       |       ||     9
         Glaive            |       |       |     6 |    36 |       |       |       |       |       ||    42
         Rapier            |       |       |       |       |    51 |       |     1 |       |       ||    52
         Staff             |       |       |       |       |    22 |    43 |    22 |    23 |    24 ||   134
         Punch             |       |       |       |       |     1 |       |       |       |       ||     1
   Fire: Sling             |       |       |       |   145 |   333 |       |       |       |       ||   478
  Throw: Throwing net      |     1 |       |       |       |       |       |       |       |       ||     1
   Cast: Shock             |    54 |   144 |   194 |   275 |   210 |     1 |     1 |       |       ||   879
         Static Discharge  |       |     3 |    10 |     9 |       |       |       |       |       ||    22
         Airstrike         |       |       |    13 |   155 |   139 |   105 |    90 |    47 |    13 ||   562
         Arcjolt           |       |       |       |     7 |    67 |     6 |       |     5 |       ||    85
         Plasma Beam       |       |       |       |       |   158 |   141 |   102 |   319 |    80 ||   800
         Death Channel     |       |       |       |       |     4 |     5 |     8 |       |       ||    17
         Call Canine Famil |       |       |       |       |     1 |     2 |       |       |       ||     3
         Spellforged Servi |       |       |       |       |       |    45 |    84 |    62 |    23 ||   214
         Irradiate         |       |       |       |       |       |     1 |     4 |       |       ||     5
         Maxwell's Capacit |       |       |       |       |       |       |     8 |    18 |    29 ||    55
         Chain Lightning   |       |       |       |       |       |       |       |       |    31 ||    31
         Haunt             |       |       |       |       |       |       |       |       |     1 ||     1
 Invoke: Call Merchant     |       |       |       |     1 |     4 |       |     4 |       |       ||     9
         Bribe Branch      |       |       |       |       |       |       |       |       |     2 ||     2
  Evoke: Wand              |       |       |     2 |     4 |    15 |     4 |     3 |     3 |     4 ||    35
         Phial of floods   |       |       |       |       |     1 |       |       |     1 |       ||     2
         Tin of tremorston |       |       |       |       |       |       |       |     2 |       ||     2
    Use: Scroll            |       |       |    10 |    14 |    10 |     2 |     4 |    11 |    12 ||    63
         Potion            |       |       |       |     2 |       |     5 |     6 |     2 |     3 ||    18
   Stab: Held in net/web   |     3 |       |       |       |       |       |       |       |       ||     3
         Sleeping          |     1 |     3 |       |       |     1 |       |     1 |       |       ||     6
         Distracted        |       |       |     1 |       |     1 |       |     1 |     1 |     1 ||     5
         Invisible         |       |       |       |       |       |     1 |       |       |       ||     1
 Armour: Robe              |     3 |     6 |    15 |    19 |       |       |       |       |       ||    43
         Skin              |       |       |       |     6 |       |       |       |       |       ||     6
         Steam dragon scal |       |       |       |    41 |    86 |    26 |    21 |     2 |       ||   176
         Acid dragon scale |       |       |       |       |       |       |       |    46 |    21 ||    67
  Dodge: Dodged            |    11 |    32 |    70 |   302 |   679 |   147 |   195 |   136 |   107 ||  1679
         Repelled          |       |       |       |       |     9 |       |       |       |       ||     9
  Block: Other             |       |    13 |     9 |    33 |       |       |       |       |       ||    55
         Reflection        |       |       |       |     3 |       |       |       |       |       ||     3
         Buckler           |       |       |       |       |       |    26 |    51 |    52 |    30 ||   159

Levels and vault maps discovered:
D:1:      lemuel_arrival_room, layout_rooms, minmay_distorted
D:2:      layout_rooms, dreamdust_princess_corridor, minmay_split_cup_small,
          uniq_natasha
D:3:      layout_basic, yredelemnul_forgotten_temple_becter, minitemple,
          hellmonk_ecumenical_altar_arch_garden
D:4:      layout_basic, beargit_hepliaklqana_dungeon_heroes, serial_shops, shop,
          gammafunk_ghost_grave
D:5:      layout_cave_pools, mainiacjoe_overflow_tiny_flanked, temple_fountains,
          serial_shops, shop, roderic_roman_lattice
D:6:      layout_basic, serial_shops, shop, interstate_on_off
D:7:      layout_rooms, vehumet_statue,
          nicolae_dithmenos_through_a_glass_darkly, minivault_27, uniq_jeremiah
D:8:      minmay_the_grid_octo_tiled_squarecenter
          [minmay_the_grid_octo_checkerflower, minmay_the_grid_octo_odd_swirl,
          minmay_the_grid_octo_horde, minmay_the_grid_octo_toaster,
          minmay_the_grid_square_5x5_megaprize_checkered,
          minmay_the_grid_square_5x5_percent,
          minmay_the_grid_square_5x5_inner_z,
          minmay_the_grid_square_5x5_minibox,
          minmay_the_grid_square_5x5_shrine1], layout_loops_ring,
          minmay_shop_chei, kb_rosetta
D:9:      layout_loops_cross, minmay_misc_feat_encased, uniq_maggie
D:10:     layout_basic, mainiacjoe_overflow_six_doors_small,
          mainiacjoe_overflow_24_doors, erik_orc_1
D:11:     layout_basic, nicolae_shop_self_help, uniq_sonja
D:12:     layout_roguey, gauntlet_entry_generic,
          dilly_guarded_unrand_elemental_staff
D:13:     cheibrodos_statue_roulette, layout_layer_cave,
          hangedman_abyss_or_decor_clamps
D:14:     regret_index_combs_of_tragedy, layout_stronghold,
          grunt_vaults_entry_fortified, tso_metal_star, hex_medium
D:15:     gammafunk_depths_entry_grave, layout_cave_pools, serial_column_ruins,
          column_ruins_columns_dead_end, column_ruins_columns_straight,
          column_ruins_corridor_dead_end, column_ruins_open_large,
          cheibrodos_ashenzari_chains
Lair:1:   layout_cave_pods, nicolae_volcano_entry_batcave,
          nicolae_quartered_pool_little, patterned_corridor, grunt_megastairs_1,
          uniq_grum
Lair:2:   layout_cellular_growth, alex1729_swamp_entry_worm_eleionoma,
          minivault_11, uniq_nergalle
Lair:3:   layout_chaotic_city, minmay_snake_entry_guardpost_medium,
          grunt_megastairs_5
Lair:4:   layout_layer_cave, dpeg_slime_entry_corner
Lair:5:   evilmike_catoblepas_cave, layout_regular_city, basic_altar, uniq_snorg
Swamp:1:  layout_basic_swamp, evilmike_swamp_ruin_house_5, uniq_donald,
          uniq_louise
Swamp:2:  layout_basic_swamp, nicolae_swamp_tree_isthmus
Swamp:3:  layout_basic_swamp, evilmike_swamp_ruin_house_6, swamp_pool3,
          nicolae_swamp_alligator_family
Swamp:4:  swamp_vile, layout_basic_swamp, swamp_pool1, water_boxes_lemuel
Snake:1:  layout_onion_interference, serial_shops, shop, uniq_frances
Snake:2:  layout_layer_cave, gammafunk_ghost_abyssal_escape,
          grunt_ministairs_10, serial_bayou_shore_a, lemuel_fruit_tree
Snake:3:  layout_honeycomb, nicolae_snake_lava_pool, uniq_mlioglotl
Snake:4:  grunt_snake_rune_serpentine_throne, layout_misc_corridors, uniq_aizul
Slime:1:  layout_caves
Slime:2:  layout_caves
Slime:3:  cheibrodos_slime_lost_civilization_8, layout_caves
Slime:4:  layout_caves, nicolae_slime_rock_hall_of_fame
Slime:5:  slime_pit_nicolae_trefoil
Orc:1:    layout_caves, special_room [special_room_bee], minmay_orc_keep
Orc:2:    st_orc_elflike, layout_caves
Elf:1:    nicolae_elf_arrival_no_cutting_in_line, layout_gridlike,
          evilmike_minifort, nicolae_elf_martial_mastery, minmay_shoptagon,
          uniq_jorgrun, uniq_asterion
Vaults:1: nicolae_vaults_arrows, nicolae_vaults_windows_and_doors_thing,
          nicolae_vaults_double_plus_3, nicolae_vaults_prndl, vaults_dpeg_doors,
          vaults_dpeg_ring, v_misc_22, grunt_vaults_trifunnel, vaults_room_grid,
          nicolae_vaults_diamond_1, layout_vaults_omnigrid, serial_glass,
          uniq_nikola
Vaults:2: minmay_crypt_entry_necro_gods, ontoclasm_vaults_ligature,
          nicolae_vaults_mitosis, nicolae_vaults_antechamber_and_loot_room,
          vaults_room_octagon, v_misc_15, v_misc_24,
          nicolae_vaults_closet_pinwheel_4, nicolae_vaults_hexular_roomagon,
          hangedman_vaults_stagger, grunt_vaults_twisty,
          vaults_dpeg_encased_lava, nicolae_vaults_diamond_1,
          hangedman_vaults_cutoff, layout_vaults_big_cross, uniq_mennas
Vaults:3: nicolae_vaults_security_offices_6, nicolae_vaults_tetromino_T_2,
          hangedman_vaults_maws, nicolae_vaults_circle_grid_b,
          nicolae_vaults_more_shelving_1, nicolae_vaults_diamond_2,
          nicolae_vaults_storage_room_statues,
          nicolae_vaults_trapezoid_lopsided_1, hangedman_vaults_maws,
          layout_vaults_big_room, nicolae_trove_entry_crossroad, serial_shops,
          nicolae_diamond_shop, uniq_boris
Vaults:4: gammafunk_ghost_spectres, v_alt_pattern_3,
          nicolae_vaults_stairing_the_circle, vaults_dpeg_spiral,
          hangedman_vaults_hat, nicolae_vaults_network_quincunx
          [nicolae_vaults_network_quincunx_subvault,
          nicolae_vaults_network_quincunx_subvault,
          nicolae_vaults_network_quincunx_subvault,
          nicolae_vaults_network_quincunx_subvault,
          nicolae_vaults_network_quincunx_subvault],
          nicolae_vaults_double_plus_2, nicolae_vaults_little_squares_2,
          hangedman_vaults_trim, nicolae_vaults_octothorpe,
          nicolae_vaults_shrinking_rooms_1, ontoclasm_vaults_pinch,
          nicolae_vaults_tangram_1, nicolae_vaults_trapezoid_1, v_misc_1,
          layout_vaults_maze_bifur, serial_shops, uniq_margery
Vaults:5
Depths:1: layout_basic, pan_entry, kennysheep_pointless_box, hell_entry,
          bh_walls_and_bars, uniq_enchantress
Depths:2: minmay_skeletal_surprise, layout_gridville, enter_ziggurat_e,
          minivault_14, nicolae_abyss_entry_one_way_or_another, serial_shops,
          nicolae_shop_gaudy_bauble, nicolae_hell_entry_hellmouth_sunbeams,
          rand_demon_pan_entry_7, nrook_pool_corridor
Depths:3: evilmike_hourglass, layout_gridville, hell_entry, abyss_entry,
          hangedman_decor_cross_pass, infiniplex_staircase_zigzag_5,
          uniq_josephina
Depths:4: grunt_zot_entry_pinwheel, layout_gridlike, nicolae_uskayaw_en_pointe,
          hell_entry, abyss_entry_flame_altar
Zot:1:    layout_onion, st_single_dragon_hoard_4, grunt_megastairs_2
Zot:2:    layout_concentric_octagons, grunt_ministairs_4, uniq_vv
Zot:3:    kennysheep_ambush_hall, layout_misc_corridors,
          nicolae_transmutations_shop
Zot:4:    layout_concentric_octagons, st_single_dragon_hoard_1,
          grunt_megastairs_4
Zot:5:    layout_basic, lemuel_baited_zot_trap

Notes
Turn   | Place    | Note
-------+----------+-------------------------------------------
     0 | D:1      | MackTheKnife the Tengu Air Elementalist began the quest for
                  | the Orb.
     0 | D:1      | Reached XP level 1. HP: 10/10 MP: 4/4
     0 | D:1      | magus.rc [v1.9.6]
   166 | D:1      | Reached skill level 2 in Conjurations
   166 | D:1      | Reached XP level 2. HP: 15/15 MP: 3/6
   430 | D:1      | You pick up a book of Touch and begin reading...
   430 | D:1      | You add the spells Kiss of Death, Confusing Touch and
                  | Dispel Undead to your library.
   640 | D:1      | Reached XP level 3. HP: 19/19 MP: 2/7
   827 | D:1      | Reached skill level 3 in Conjurations
   853 | D:1      | Reached skill level 5 in Air Magic
  1021 | D:2      | Noticed Natasha
  1028 | D:2      | Killed Natasha
  1029 | D:2      | Reached XP level 4. HP: 13/24 MP: 8/8
  1176 | D:2      | You pick up a book of Decay and begin reading...
  1176 | D:2      | You add the spells Cigotuvi's Dreadful Rot and Death
                  | Channel to your library.
  1207 | D:2      | You add the spells Ignite Poison, Sticky Flame and Ignition
                  | to your library.
  1234 | D:2      | Reached skill level 4 in Conjurations
  1382 | D:2      | Noticed Natasha
  1431 | D:2      | Killed Natasha
  1432 | D:2      | Gained mutation: Your magical nature lets you fly swiftly
                  | and evasively. [Tengu growth]
  1432 | D:2      | Reached XP level 5. HP: 22/28 MP: 1/9
  1576 | D:2      | Noticed Natasha
  1598 | D:2      | HP: 7/28 [cerulean imp/+1 spear[Natasha] (4)]
  1701 | D:2      | Killed Natasha
  1702 | D:2      | Reached skill level 6 in Air Magic
  1705 | D:2      | Learned a level 2 spell: Static Discharge
  1710 | D:2      | Learned a level 4 spell: Airstrike
  2358 | D:3      | Found a faded altar of an unknown god.
  2459 | D:3      | You pick up a book of Winter and begin reading...
  2459 | D:3      | You add the spells Ozocubu's Armour, Metabolic Englaciation
                  | and Simulacrum to your library.
  2930 | D:3      | Found an ornate altar of the Wu Jian Council.
  2940 | D:3      | Found a blossoming altar of Fedhas.
  2940 | D:3      | Found a glowing silver altar of Zin.
  2940 | D:3      | Found a snail-covered altar of Cheibriados.
  2941 | D:3      | Found a broken altar of Ashenzari.
  2942 | D:3      | Found an opulent altar of Gozag.
  2943 | D:3      | Found a hide-covered altar of Uskayaw.
  2944 | D:3      | Found a bloodstained altar of Trog.
  2954 | D:3      | Became a worshipper of Gozag Ym Sagoz the Greedy
  3002 | D:3      | Found a basalt altar of Yredelemnul.
  3145 | D:4      | Found a runed translucent door.
  3145 | D:4      | Noticed CyKii's ghost (amateur DjHW)
  3165 | D:4      | Reached XP level 6. HP: 25/32 MP: 9/11
  3464 | D:4      | Reached skill level 3 in Spellcasting
  3464 | D:4      | Reached skill level 7 in Air Magic
  3522 | D:4      | Found a hazy altar of Hepliaklqana.
  3524 | D:4      | Found a faded altar of an unknown god.
  3758 | D:4      | Found Pyxuogut's Book Shoppe.
  3992 | D:4      | Reached XP level 7. HP: 19/36 MP: 11/13
  4242 | D:5      | Entered Level 5 of the Dungeon
  4294 | D:5      | Reached skill level 4 in Spellcasting
  4368 | D:5      | Reached skill level 8 in Air Magic
  4381 | D:5      | Found Milyti's Distillery.
  4431 | D:5      | Found a staircase to the Ecumenical Temple.
  4577 | D:5      | Identified the +1 ring mail of Gigudder {Harm rPois Int-4
                  | Dex+9}
  4596 | D:5      | You pick up a book of Spectacle and begin reading...
  4596 | D:5      | You add the spells Volatile Blastmotes, Dazzling Flash,
                  | Starburst and Maxwell's Capacitive Coupling to your
                  | library.
  4898 | D:5      | Found an ancient bone altar of Kikubaaqudgha.
  4909 | D:5      | Reached skill level 9 in Air Magic
  4951 | D:5      | Reached skill level 5 in Spellcasting
  4951 | D:5      | Reached XP level 8. HP: 41/41 MP: 16/16
  5322 | D:6      | Identified the +2 ring mail "Ineik" {Harm Will++ Int+2}
  5344 | D:6      | Reached skill level 1 in Fighting
  5344 | D:6      | Reached skill level 3 in Dodging
  5349 | D:6      | Reached skill level 2 in Fighting
  5528 | D:6      | Reached skill level 4 in Dodging
  5629 | D:6      | Reached skill level 3 in Fighting
  5879 | D:6      | Reached skill level 5 in Dodging
  6163 | D:6      | Reached skill level 4 in Fighting
  6276 | D:6      | Found Boh Besm's Book Boutique.
  6416 | D:7      | Reached XP level 9. HP: 52/52 MP: 17/17
  6590 | D:7      | You pick up a book of the Tundra and begin reading...
  6590 | D:7      | You add the spells Hailstorm and Summon Ice Beast to your
                  | library.
  6600 | D:7      | Found a shadowy altar of Dithmenos.
  6608 | D:7      | Reached skill level 6 in Dodging
  6610 | D:7      | Reached skill level 5 in Fighting
  6700 | D:7      | Found a radiant altar of Vehumet.
  6952 | D:7      | Reached skill level 7 in Dodging
  6953 | D:7      | Reached skill level 6 in Fighting
  7041 | D:7      | Noticed Jeremiah
  7047 | D:7      | Killed Jeremiah
  7383 | D:8      | Reached skill level 8 in Dodging
  7391 | D:8      | Reached skill level 7 in Fighting
  7583 | D:8      | Reached XP level 10. HP: 63/63 MP: 18/18
  7811 | D:8      | Reached skill level 6 in Spellcasting
  7857 | D:8      | Noticed a two-headed ogre
  8059 | D:8      | Identified the ring of Sif Muna's Regard {rPois rF+ Str-4
                  | Int+9 Slay+2}
  8065 | D:8      | Noticed a cyclops
  8068 | D:8      | Killed a cyclops
  8069 | D:8      | Reached skill level 7 in Spellcasting
  8199 | D:8      | Noticed a centaur warrior
  8200 | D:8      | You add the spells Sting, Poisonous Vapours and Olgreb's
                  | Toxic Radiance to your library.
  8477 | D:8      | Reached skill level 8 in Spellcasting
  8646 | D:8      | Identified the amulet "Uhazoin" {rC+ Regen+ Slay+2}
  8648 | D:8      | Noticed a cyan ugly thing
  8653 | D:8      | Noticed a cyan ugly thing
  8709 | D:8      | Noticed a cyclops
  8814 | D:8      | HP: 2/63 [centaur warrior/arrow (21)]
  8815 | D:8      | Killed a centaur warrior
  9032 | D:8      | Killed a cyclops
  9033 | D:8      | Reached skill level 8 in Fighting
  9033 | D:8      | Reached skill level 9 in Dodging
  9269 | D:8      | Reached XP level 11. HP: 45/69 MP: 13/24
  9535 | D:8      | Found a staircase to the Lair.
  9581 | D:8      | Killed a cyan ugly thing
  9582 | D:8      | Reached skill level 9 in Fighting
  9645 | D:8      | Noticed a four-headed hydra
  9802 | D:8      | Noticed a skeletal warrior
  9882 | D:8      | Killed a skeletal warrior
 10287 | D:7      | Killed a two-headed ogre
 10288 | D:7      | Reached skill level 10 in Fighting
 10406 | D:7      | Killed a cyan ugly thing
 10606 | D:8      | Killed a four-headed hydra
 10607 | D:8      | Reached skill level 10 in Dodging
 10727 | D:8      | You pick up a book of Touch and begin reading...
 10731 | D:8      | You pick up a book of Spectacle and begin reading...
 11244 | D:8      | Found Cheibriados's Comfort Zone.
 11244 | D:8      | Found a snail-covered altar of Cheibriados.
 11398 | D:9      | Reached skill level 1 in Evocations
 11489 | D:9      | Reached skill level 2 in Evocations
 11813 | D:7      | Bought the ring "Inuonits" {rPois rF++ rC+ Will+ SInv} for
                  | 825 gold pieces
 12172 | D:9      | Noticed Maggie
 12178 | D:9      | Killed Maggie
 12179 | D:9      | Reached skill level 3 in Evocations
 12780 | D:10     | Entered Level 10 of the Dungeon
 13224 | D:10     | Found an iron altar of Okawaru.
 13235 | D:10     | Identified the +2 sling of Fate {heavy, rPois rC+ Int+3}
 13270 | D:10     | Noticed a two-headed ogre
 13281 | D:10     | Killed a two-headed ogre
 13282 | D:10     | Reached skill level 4 in Evocations
 13442 | D:10     | Found a sparkling altar of Nemelex Xobeh.
 13476 | D:10     | Reached skill level 5 in Evocations
 13914 | D:10     | Reached skill level 6 in Evocations
 13921 | D:10     | Reached XP level 12. HP: 64/78 MP: 18/25
 14290 | D:10     | Found a staircase to the Orcish Mines.
 14390 | D:10     | Reached skill level 7 in Evocations
 14752 | Lair:1   | Entered Level 1 of the Lair of Beasts
 14771 | Lair:1   | Reached skill level 5 in Conjurations
 14819 | Lair:1   | Identified a scroll of acquirement
 14819 | Lair:1   | Acquired a book of Lightning
 14820 | Lair:1   | You pick up a book of Lightning and begin reading...
 14820 | Lair:1   | You add the spells Vhi's Electric Charge, Arcjolt and
                  | Plasma Beam to your library.
 14827 | Lair:1   | Learned a level 5 spell: Arcjolt
 14889 | Lair:1   | Reached skill level 6 in Conjurations
 14889 | Lair:1   | Reached skill level 10 in Air Magic
 14989 | Lair:1   | Reached skill level 7 in Conjurations
 15015 | Lair:1   | Found a dark tunnel.
 15138 | Volcano  | Entered a volcano
 15152 | Volcano  | Reached skill level 11 in Air Magic
 15180 | Volcano  | Noticed a two-headed ogre
 15185 | Volcano  | Killed a two-headed ogre
 15186 | Volcano  | Reached skill level 8 in Conjurations
 15336 | Volcano  | Noticed a two-headed ogre
 15365 | Volcano  | Killed a two-headed ogre
 15561 | Volcano  | Reached skill level 9 in Conjurations
 15685 | Volcano  | Reached skill level 12 in Air Magic
 15880 | Volcano  | Noticed a two-headed ogre
 15883 | Volcano  | Killed a two-headed ogre
 15894 | Volcano  | Noticed a two-headed ogre
 16007 | Volcano  | Reached skill level 10 in Conjurations
 16018 | Volcano  | Killed a two-headed ogre
 16019 | Volcano  | Reached XP level 13. HP: 63/83 MP: 14/26
 16084 | Volcano  | Reached skill level 13 in Air Magic
 16253 | Volcano  | Noticed a fire dragon
 16260 | Volcano  | Killed a fire dragon
 16371 | Volcano  | Reached skill level 11 in Conjurations
 16505 | Volcano  | Learned a level 6 spell: Plasma Beam
 16770 | Lair:1   | Reached skill level 1 in Fire Magic
 16927 | Lair:1   | Reached skill level 2 in Fire Magic
 17331 | Lair:1   | Reached skill level 3 in Fire Magic
 17660 | Lair:1   | Noticed Grum
 17663 | Lair:1   | Killed Grum
 17926 | Lair:2   | Reached skill level 4 in Fire Magic
 17926 | Lair:2   | Noticed Nergalle
 18144 | Lair:1   | Acquired 1083 gold pieces
 18155 | Lair:2   | Killed Nergalle
 18156 | Lair:2   | Reached skill level 5 in Fire Magic
 18421 | Lair:2   | Noticed an eleionoma
 18435 | Lair:2   | Killed an eleionoma
 18436 | Lair:2   | Reached skill level 6 in Fire Magic
 18582 | Lair:2   | Found a staircase to the Swamp.
 18829 | Lair:2   | You are sucked into a shaft and drop 2 floors!
 18867 | Lair:4   | Found a staircase to the Slime Pits.
 18948 | Lair:4   | Reached skill level 7 in Fire Magic
 19373 | Lair:4   | Reached skill level 8 in Fire Magic
 19662 | Lair:4   | HP: 15/83 [komodo dragon (25)]
 19703 | Lair:4   | Reached skill level 9 in Spellcasting
 20984 | Lair:3   | Reached XP level 14. HP: 81/88 MP: 11/28
 21342 | Lair:3   | Reached skill level 10 in Spellcasting
 21652 | Lair:3   | Found a staircase to the Snake Pit.
 21983 | Lair:3   | You pick up a book of Frost and begin reading...
 21983 | Lair:3   | You add the spells Freeze and Frozen Ramparts to your
                  | library.
 22374 | Lair:2   | Acquired a book of Power
 22375 | Lair:2   | You pick up a book of Power and begin reading...
 22375 | Lair:2   | You add the spells Iskenderun's Battlesphere, Leda's
                  | Unmaking and Spellforged Servitor to your library.
 23036 | Lair:5   | Entered Level 5 of the Lair of Beasts
 23167 | Lair:5   | Reached skill level 11 in Fighting
 23167 | Lair:5   | Reached skill level 14 in Air Magic
 23317 | Lair:5   | You pick up a book of the Dragon and begin reading...
 23317 | Lair:5   | You add the spells Cause Fear, Fireball and Dragon's Call
                  | to your library.
 23330 | Lair:5   | Identified the +0 robe of the End {+Blink rElec Str-4
                  | Int+2}
 23340 | Lair:5   | You pick up a book of Weapons and begin reading...
 23340 | Lair:5   | You add the spells Tukima's Dance, Portal Projectile and
                  | Iskenderun's Mystic Blast to your library.
 23418 | Lair:5   | Found a radiant altar of Vehumet.
 23485 | Lair:5   | Reached skill level 11 in Dodging
 23809 | Lair:5   | Noticed Snorg
 23814 | Lair:5   | Reached skill level 12 in Conjurations
 23816 | Lair:5   | Killed Snorg
 24452 | Lair:5   | Reached skill level 12 in Dodging
 24632 | Lair:5   | Reached skill level 12 in Fighting
 25167 | D:8      | Bought a glimmering great sword for 264 gold pieces
 25167 | D:8      | Identified the +2 great sword of the Glowing Salmon {drain,
                  | rN+ Stlth+} (You bought it in a shop on level 8 of the
                  | Dungeon)
 25276 | Orc:1    | Entered Level 1 of the Orcish Mines
 26657 | Orc:1    | Learned a level 6 spell: Death Channel
 26660 | Orc:2    | Entered Level 2 of the Orcish Mines
 26667 | Orc:2    | Reached skill level 1 in Necromancy
 26881 | Orc:2    | Reached skill level 2 in Necromancy
 27219 | Orc:2    | Found a staircase to the Elven Halls.
 27433 | Orc:2    | Reached skill level 11 in Spellcasting
 27433 | Orc:2    | Reached skill level 3 in Necromancy
 27433 | Orc:2    | Reached XP level 15. HP: 71/96 MP: 10/31
 27629 | Orc:2    | Reached skill level 4 in Necromancy
 28032 | Orc:2    | Reached skill level 5 in Necromancy
 28184 | Orc:2    | Found Wokaon's Jewellery Emporium.
 28188 | Orc:2    | Found Odaoj's Distillery.
 28198 | Orc:2    | Found Nousuek's Book Boutique.
 28200 | Orc:2    | Found Ymygoqul's General Store.
 28208 | Orc:2    | Bought the +9 rapier "Fenianlu" {elec, Will+} for 878 gold
                  | pieces
 28307 | Elf:1    | Entered Level 1 of the Elven Halls
 28716 | Elf:1    | Reached skill level 6 in Necromancy
 29008 | Orc:2    | Bought a manual of Spellcasting for 1040 gold pieces
 29179 | D:11     | Reached skill level 12 in Spellcasting
 29284 | D:11     | Found Miopn's Self-Improvement Boutique.
 29544 | D:11     | Noticed Sonja
 29546 | D:11     | Killed Sonja
 29596 | D:11     | Reached skill level 7 in Necromancy
 30277 | D:12     | Found a gate leading to a gauntlet.
 30295 | Gauntlet | Entered a Gauntlet
 30295 | Gauntlet | Found a transporter.
 30295 | Gauntlet | Found a transporter.
 30295 | Gauntlet | Found a runed translucent gate.
 30303 | Gauntlet | Found a runed translucent gate.
 30316 | Gauntlet | Found a transporter.
 30332 | Gauntlet | Found a transporter.
 30332 | Gauntlet | Found a transporter.
 30332 | Gauntlet | Found a transporter.
 30335 | Gauntlet | Found a transporter.
 30335 | Gauntlet | Found a transporter.
 30343 | Gauntlet | Found a runed translucent door.
 30345 | Gauntlet | Found a runed translucent door.
 30347 | Gauntlet | Found a transporter.
 30362 | Gauntlet | Found a transporter.
 30375 | Gauntlet | Found a transporter.
 30390 | Gauntlet | Found a transporter.
 30410 | Gauntlet | Found a transporter.
 30423 | Gauntlet | Found a transporter.
 30440 | Gauntlet | Found a runed translucent gate.
 30542 | Gauntlet | Identified the amulet of Beauty {RegenMP Str+3}
 30693 | Gauntlet | You pick up a book of Alchemy and begin reading...
 30693 | Gauntlet | You add the spells Sublimation of Blood, Petrify and
                  | Irradiate to your library.
 30755 | Gauntlet | Learned a level 5 spell: Irradiate
 30764 | Gauntlet | Learned a level 8 spell: Maxwell's Capacitive Coupling
 30777 | Gauntlet | Reached skill level 13 in Spellcasting
 31280 | D:12     | Reached skill level 14 in Spellcasting
 31342 | D:12     | Reached skill level 1 in Short Blades
 31386 | D:12     | Reached skill level 2 in Short Blades
 31463 | D:12     | a deep elf zephyrmancer comes into view. It is wielding the
                  | +3 Elemental Staff {ele, rElec rF+ rC+ AC+3}.
 31472 | D:12     | Aim: a deep elf zephyrmancer, wielding the +3 Elemental
                  | Staff {ele, rElec rF+ rC+ AC+3} and wearing a +0 robe
                  | (heavily wounded, empty space bonus: 5/8)
 31472 | D:12     | Aim: a deep elf zephyrmancer, wielding the +3 Elemental
                  | Staff {ele, rElec rF+ rC+ AC+3} and wearing a +0 robe
                  | (heavily wounded, empty space bonus: 5/8)
 31473 | D:12     | Aim: a deep elf zephyrmancer, wielding the +3 Elemental
                  | Staff {ele, rElec rF+ rC+ AC+3} and wearing a +0 robe
                  | (heavily wounded, empty space bonus: 5/8)
 31473 | D:12     | Aim: a deep elf zephyrmancer, wielding the +3 Elemental
                  | Staff {ele, rElec rF+ rC+ AC+3} and wearing a +0 robe
                  | (heavily wounded, empty space bonus: 5/8)
 31474 | D:12     | Aim: a deep elf zephyrmancer, wielding the +3 Elemental
                  | Staff {ele, rElec rF+ rC+ AC+3} and wearing a +0 robe
                  | (almost dead, empty space bonus: 5/8)
 31474 | D:12     | Aim: a deep elf zephyrmancer, wielding the +3 Elemental
                  | Staff {ele, rElec rF+ rC+ AC+3} and wearing a +0 robe
                  | (almost dead, empty space bonus: 5/8)
 31554 | D:12     | Reached skill level 1 in Staves
 31641 | D:12     | Reached skill level 2 in Staves
 31824 | D:12     | Reached skill level 3 in Staves
 31970 | D:12     | magus.rc [v1.9.6]
 32168 | D:13     | You pick up a book of Callings and begin reading...
 32168 | D:13     | You add the spells Summon Small Mammal, Call Canine
                  | Familiar and Summon Guardian Golem to your library.
 32173 | D:13     | Learned a level 3 spell: Call Canine Familiar
 32269 | D:13     | Reached skill level 4 in Staves
 32432 | D:13     | Reached XP level 16. HP: 101/101 MP: 11/35
 32514 | D:13     | Reached skill level 5 in Staves
 32753 | D:13     | Reached skill level 1 in Summonings
 32772 | D:13     | Reached skill level 2 in Summonings
 33015 | D:13     | Identified a potion of experience
 33016 | D:13     | Reached skill level 7 in Summonings
 33016 | D:13     | Reached XP level 17. HP: 106/106 MP: 36/36
 33209 | D:13     | You add the spells Fulminant Prism and Discord to your
                  | library.
 33209 | D:13     | Got the Codex of Stony Ill Luck
 33610 | D:14     | Found a glowing golden altar of the Shining One.
 33644 | D:14     | Reached skill level 8 in Summonings
 34095 | D:14     | Reached skill level 9 in Summonings
 34618 | D:14     | Learned a level 7 spell: Spellforged Servitor
 34703 | D:14     | Reached skill level 10 in Summonings
 34826 | D:14     | Reached skill level 15 in Spellcasting
 34992 | D:14     | Found a gate to the Vaults.
 35187 | D:14     | Reached skill level 11 in Summonings
 35761 | D:15     | Entered Level 15 of the Dungeon
 35900 | D:15     | Found a broken altar of Ashenzari.
 35995 | D:15     | Reached skill level 16 in Spellcasting
 36074 | D:15     | Found a staircase to the Depths.
 36249 | D:15     | Reached skill level 12 in Summonings
 36594 | D:15     | magus.rc [v1.9.6]
 36821 | Snake:1  | Entered Level 1 of the Snake Pit
 36863 | Snake:1  | Reached skill level 1 in Shields
 36877 | Snake:1  | Reached skill level 2 in Shields
 36929 | Snake:1  | Reached skill level 3 in Shields
 37053 | Snake:1  | You pick up a book of Storms and begin reading...
 37146 | Snake:1  | Reached skill level 4 in Shields
 37302 | Snake:1  | Found Zeneducu's Magic Scroll Boutique.
 37302 | Snake:1  | Noticed Frances
 37306 | Snake:1  | Killed Frances
 37772 | Snake:1  | Reached XP level 18. HP: 98/112 MP: 34/39
 37774 | Snake:1  | Reached skill level 5 in Shields
 37892 | Snake:2  | Reached skill level 6 in Shields
 38219 | Snake:2  | Found a transporter.
 38605 | Snake:2  | Noticed Qieluc Pino's ghost (adept MeEE)
 38780 | Snake:2  | Found a transporter.
 38789 | Snake:2  | Found the +1 cloak of Starlight {*Dazzle EV+4 Stlth--}
 39069 | Snake:2  | Found a one-way gate to the infinite horrors of the Abyss.
 39105 | Snake:2  | Gained mutation: You are weak. (Str -2) [a cacodemon]
 39114 | Snake:2  | Gained mutation: Your magical capacity is low. (-10% MP) [a
                  | cacodemon]
 39145 | Snake:2  | Killed Qieluc Pino's ghost
 39340 | Snake:2  | Lost mutation: Your magical capacity is low. (-10% MP)
                  | [potion of mutation]
 39340 | Snake:2  | Lost mutation: You are weak. (Str -2) [potion of mutation]
 39340 | Snake:2  | Gained mutation: You are agile. (Dex +4, Str/Int -1)
                  | [potion of mutation]
 39340 | Snake:2  | Gained mutation: You are vulnerable to heat. (rF-) [potion
                  | of mutation]
 39341 | Snake:2  | Lost mutation: You are agile. (Dex +4, Str/Int -1) [potion
                  | of mutation]
 39341 | Snake:2  | Lost mutation: You are vulnerable to heat. (rF-) [potion of
                  | mutation]
 39341 | Snake:2  | Gained mutation: You are clumsy. (Dex -2) [potion of
                  | mutation]
 39341 | Snake:2  | Gained mutation: Your mind is acute. (Int +4, Str/Dex -1)
                  | [potion of mutation]
 39341 | Snake:2  | Gained mutation: You have hidden genetic potential. [potion
                  | of mutation]
 39341 | Snake:2  | Gained mutation: Your skin changes colour to match your
                  | surroundings (Stealth+). [potion of mutation]
 39570 | Snake:3  | Reached skill level 17 in Spellcasting
 39597 | Snake:3  | Reached skill level 13 in Conjurations
 39873 | Snake:3  | Reached skill level 15 in Air Magic
 40086 | Snake:3  | Noticed Mlioglotl
 40098 | Snake:3  | Killed Mlioglotl
 40734 | Snake:4  | Entered Level 4 of the Snake Pit
 41156 | Snake:4  | Reached skill level 14 in Conjurations
 41222 | Snake:4  | Reached skill level 18 in Spellcasting
 41593 | Snake:4  | Reached skill level 16 in Air Magic
 41923 | Snake:4  | Noticed Aizul
 41931 | Snake:4  | Reached XP level 19. HP: 68/116 MP: 20/42
 41934 | Snake:4  | Killed Aizul
 42219 | Snake:4  | Got a serpentine rune of Zot
 42395 | Swamp:1  | Entered Level 1 of the Swamp
 42405 | Swamp:1  | Noticed Louise
 42406 | Swamp:1  | Killed Louise
 42638 | Swamp:1  | Identified the +3 kite shield of Irksome Brilliance {Harm
                  | rC- Will- Dex+8}
 42638 | Swamp:1  | Noticed Donald
 42639 | Swamp:1  | Killed Donald
 42640 | Swamp:1  | Reached skill level 19 in Spellcasting
 42657 | Swamp:1  | You pick up a book of the Tundra and begin reading...
 42681 | Swamp:1  | Reached skill level 17 in Air Magic
 42769 | Swamp:1  | Gained mutation: You have a somewhat thin skeletal
                  | structure. (Dex +2, Stealth+) [hidden potential]
 43210 | Swamp:1  | Bought a smoking scarf for 280 gold pieces
 43210 | Swamp:1  | Identified the scarf of Makhleb's Vengeance {harm, Will++
                  | SInv} (You bought it in a shop on level 1 of the Swamp)
 43213 | Swamp:1  | Bought a potion of magic for 168 gold pieces
 43213 | Swamp:1  | Bought a scroll of blinking for 157 gold pieces
 43439 | Swamp:2  | Identified the +10 mace of Courage {elec, Str+2}
 43520 | Swamp:2  | Reached skill level 20 in Spellcasting
 43836 | Swamp:2  | magus.rc [v1.9.6]
 44475 | Swamp:4  | Entered Level 4 of the Swamp
 44605 | Swamp:4  | Reached skill level 21 in Spellcasting
 44653 | Swamp:4  | Reached skill level 1 in Armour
 44901 | Swamp:4  | Reached skill level 2 in Armour
 44947 | Swamp:4  | Noticed a tentacled monstrosity
 44956 | Swamp:4  | Reached skill level 3 in Armour
 44968 | Swamp:4  | Killed a tentacled monstrosity
 45184 | Swamp:4  | Got a decaying rune of Zot
 45273 | Swamp:4  | Reached skill level 4 in Armour
 45322 | Swamp:4  | You pick up a book of Lightning and begin reading...
 45745 | Vaults:1 | Entered Level 1 of the Vaults
 45873 | Vaults:1 | Reached XP level 20. HP: 124/124 MP: 36/46
 46302 | Vaults:1 | Reached skill level 5 in Armour
 46304 | Vaults:1 | Reached skill level 13 in Dodging
 46465 | Vaults:1 | Reached skill level 13 in Fighting
 46787 | Vaults:1 | Gained mutation: You have supernaturally acute eyesight.
                  | (SInv) [hidden potential]
 46787 | Vaults:1 | Lost mutation: You have hidden genetic potential. [hidden
                  | potential expressed]
 47061 | Vaults:1 | Reached skill level 6 in Armour
 47146 | Vaults:1 | Noticed Nikola
 47150 | Vaults:1 | Killed Nikola
 47595 | Vaults:1 | Bought the +2 hood of the Assassin {Detect Stab+ Stlth++}
                  | for 1080 gold pieces
 47595 | Vaults:1 | Found the +2 hood of the Assassin {Detect Stab+ Stlth++}
 47880 | Vaults:2 | Reached skill level 3 in Stealth
 47887 | Vaults:2 | Reached skill level 14 in Dodging
 47999 | Vaults:2 | Noticed Mennas
 48015 | Vaults:2 | HP: 17/126 [Mennas/+3 sacred scourge of holy wrath (23)]
 48027 | Vaults:2 | Reached skill level 4 in Stealth
 48054 | Vaults:2 | Reached skill level 14 in Fighting
 48178 | Vaults:2 | Reached skill level 5 in Stealth
 48759 | Vaults:2 | Found a staircase to the Crypt.
 48759 | Vaults:2 | Found a basalt altar of Yredelemnul.
 48761 | Vaults:2 | Found an ancient bone altar of Kikubaaqudgha.
 48778 | Vaults:2 | Reached skill level 6 in Stealth
 48821 | Vaults:2 | Reached XP level 21. HP: 114/132 MP: 42/47
 49070 | Vaults:2 | Identified the +0 plate armour of Sloth {Rampage rCorr
                  | Stlth+}
 49662 | Vaults:2 | Killed Mennas
 49663 | Vaults:2 | Reached skill level 15 in Dodging
 49704 | Vaults:2 | magus.rc [v1.9.6]
 49782 | Vaults:3 | Reached skill level 7 in Stealth
 49817 | Vaults:3 | Reached skill level 15 in Fighting
 49826 | Vaults:3 | Reached skill level 8 in Stealth
 50048 | Vaults:3 | Reached skill level 7 in Armour
 50217 | Vaults:3 | Noticed Boris
 50222 | Vaults:3 | Killed Boris
 50223 | Vaults:3 | Reached skill level 8 in Armour
 50502 | Vaults:3 | Found a portal to a secret trove of treasure.
 50535 | Vaults:3 | Reached skill level 16 in Dodging
 50585 | Vaults:3 | Found Efowuxt's Antique Armour Boutique.
 50616 | Vaults:3 | Bought a distressingly furry robe for 159 gold pieces
 50616 | Vaults:3 | Identified the +1 robe of Temperance {*Slow rC++} (You
                  | bought it in a shop on level 3 of the Vaults)
 51106 | Vaults:4 | Bought a twisted kite shield for 408 gold pieces
 51106 | Vaults:4 | Identified the +1 kite shield "Caneutetz" {rF+} (You bought
                  | it in a shop on level 4 of the Vaults)
 51130 | Vaults:4 | You pick up a book of the Spheres and begin reading...
 51130 | Vaults:4 | You add the spells Conjure Ball Lightning and Orb of
                  | Destruction to your library.
 51344 | Vaults:4 | Reached skill level 17 in Dodging
 51754 | Vaults:4 | Reached skill level 18 in Dodging
 51979 | Vaults:4 | Reached XP level 22. HP: 140/140 MP: 48/48
 52004 | Vaults:4 | Reached skill level 7 in Shields
 52073 | Vaults:4 | You pick up a book of Misfortune and begin reading...
 52073 | Vaults:4 | You add the spells Inner Flame, Yara's Violent Unravelling
                  | and Enfeeble to your library.
 52078 | Vaults:4 | You pick up a book of Flames and begin reading...
 52394 | Vaults:4 | Found a runed translucent gate.
 52394 | Vaults:4 | Found a runed translucent gate.
 52394 | Vaults:4 | Found a runed translucent gate.
 52395 | Vaults:4 | Noticed Ymilidghe's ghost (adept TrGl)
 52911 | Depths:1 | Entered Level 1 of the Depths
 52940 | Depths:1 | magus.rc [v1.9.6]
 53027 | Depths:1 | Paralysed by a floating eye for 2 turns
 53070 | Depths:1 | the Enchantress comes into view. She is wielding a +2 quick
                  | blade of protection, wearing the +3 faerie dragon scales
                  | {rPois rF+++ rN+ rCorr Dex-2} and wearing a +2 buckler of
                  | protection.
 53070 | Depths:1 | Noticed the Enchantress
 53071 | Depths:1 | Aim: the Enchantress, wielding a +2 quick blade of
                  | protection, wearing the +3 faerie dragon scales {rPois
                  | rF+++ rN+ rCorr Dex-2} and wearing a +2 buckler of
                  | protection (heavily wounded, repelling missiles, ally
                  | target, empty space bonus: 3/8)
 53071 | Depths:1 | Aim: the Enchantress, wielding a +2 quick blade of
                  | protection, wearing the +3 faerie dragon scales {rPois
                  | rF+++ rN+ rCorr Dex-2} and wearing a +2 buckler of
                  | protection (heavily wounded, repelling missiles, ally
                  | target, empty space bonus: 3/8)
 53072 | Depths:1 | Killed the Enchantress
 53083 | Depths:1 | Reached skill level 8 in Shields
 53112 | Depths:1 | Reached skill level 9 in Fire Magic
 53208 | Depths:1 | L - a +2 quick blade of protection {shortrare=g}
 53209 | Depths:1 | You drop a +2 quick blade of protection {shortrare=g}.
 53211 | Depths:1 | L - a +2 quick blade of protection {shortrare=g}
 53299 | Depths:1 | Z - a +2 quick blade of protection {shortrare=g}
 53415 | Depths:1 | Reached skill level 10 in Fire Magic
 53463 | Depths:1 | Found a one-way gate leading to the halls of Pandemonium.
 53576 | Depths:1 | Found a gateway to Hell.
 53743 | Depths:1 | Reached skill level 8 in Necromancy
 54237 | Depths:1 | You drop a +2 quick blade of protection {shortrare=g}.
 54239 | Depths:1 | You drop a +2 quick blade of protection {shortrare=g}.
 54242 | Depths:2 | Found a one-way gateway to a ziggurat.
 54259 | Depths:2 | Reached skill level 15 in Conjurations
 54636 | Depths:2 | Reached skill level 16 in Conjurations
 55054 | Depths:2 | Found Plog's Jewellery Boutique.
 55363 | Depths:2 | Reached skill level 18 in Air Magic
 55591 | Depths:2 | magus.rc [v1.9.6]
 55754 | Depths:3 | Identified the +4 sling "Hebaz" {heavy, rElec rF+ Will+}
 55794 | Depths:3 | Found a glowing golden altar of the Shining One.
 56399 | D:11     | Bought a manual of Fighting for 1360 gold pieces
 56399 | D:11     | Bought a manual of Dodging for 1360 gold pieces
 56610 | Depths:3 | Noticed a golden dragon
 56614 | Depths:3 | Killed a golden dragon
 56727 | Depths:3 | Identified the +3 war axe of Xocadu {flame, rN+ Str+4 Dex+3
                  | Stlth+}
 56817 | Depths:3 | Noticed a juggernaut
 56828 | Depths:3 | Killed a juggernaut
 56840 | Depths:3 | Reached skill level 16 in Fighting
 56842 | Depths:3 | Reached skill level 19 in Dodging
 56856 | Depths:3 | Identified the ring of the Curupira {Ice rPois Int-4
                  | Stlth+}
 56856 | Depths:3 | Noticed Josephina
 56861 | Depths:3 | Killed Josephina
 56872 | Depths:3 | Reached XP level 23. HP: 67/148 MP: 13/49
 57062 | Depths:3 | U - a +0 quick blade of draining {shortrare=g}
 57115 | Depths:3 | Acquired Napetat's Precepts of Doom and Electricity
 57116 | Depths:3 | You add the spells Mephitic Cloud, Freezing Cloud, Summon
                  | Mana Viper and Chain Lightning to your library.
 57118 | Depths:3 | Got the Volume of Gases
 57487 | Depths:4 | Entered Level 4 of the Depths
 57693 | Depths:4 | Noticed a golden dragon
 57704 | Depths:4 | Killed a golden dragon
 57705 | Depths:4 | Reached skill level 17 in Fighting
 57809 | Depths:4 | Noticed a juggernaut
 57814 | Depths:4 | Killed a juggernaut
 57815 | Depths:4 | Reached skill level 20 in Dodging
 58007 | Depths:4 | Noticed a juggernaut
 58011 | Depths:4 | Killed a juggernaut
 58104 | Depths:4 | Noticed a golden dragon
 58108 | Depths:4 | Killed a golden dragon
 58293 | Depths:4 | Reached skill level 18 in Fighting
 58350 | Depths:4 | Reached skill level 21 in Dodging
 58480 | Depths:4 | Noticed a juggernaut
 58491 | Depths:4 | Killed a juggernaut
 58602 | Depths:4 | Found a hide-covered altar of Uskayaw.
 58758 | Depths:4 | Found a corrupted altar of Lugonu.
 58908 | Depths:4 | Found a gate to the Realm of Zot.
 59548 | Vaults:1 | Reached skill level 19 in Fighting
 59674 | Vaults:5 | Entered Level 5 of the Vaults
 59736 | Vaults:5 | Reached skill level 22 in Dodging
 59779 | Vaults:5 | Noticed a golden dragon
 59789 | Vaults:5 | Killed a golden dragon
 59811 | Vaults:5 | Reached skill level 19 in Air Magic
 59878 | Vaults:5 | Identified the +2 falchion of a treasure trove {holy, rN++
                  | Will+ Stlth+}
 60087 | Vaults:5 | Noticed a golden dragon
 60091 | Vaults:5 | Killed a golden dragon
 60132 | Vaults:5 | Identified the staff "Cotwetol" {*Slow rF+ rC+ Conj}
 60168 | Vaults:5 | Reached skill level 20 in Air Magic
 60196 | Vaults:5 | Identified the +2 leather armour "Qerghe" {rPois rC- Int-3
                  | Slay+6}
 60390 | Vaults:5 | Identified the +5 trident of Othin {venom, rPois Dex+3}
 60418 | Vaults:5 | Reached XP level 24. HP: 160/160 MP: 22/49
 60419 | Vaults:5 | Reached skill level 17 in Conjurations
 60484 | Vaults:5 | Noticed a dread lich
 60489 | Vaults:5 | Killed a dread lich
 60674 | Vaults:5 | Reached skill level 18 in Conjurations
 61038 | Vaults:5 | Reached skill level 19 in Conjurations
 61174 | Vaults:5 | Identified the +5 trident "Mabriawk" {flame, rElec}
 61189 | Vaults:5 | Reached skill level 20 in Conjurations
 61529 | Vaults:5 | Got a silver rune of Zot
 61583 | Vaults:5 | You pick up a book of Death and begin reading...
 61583 | Vaults:5 | You add the spells Haunt and Infestation to your library.
 61666 | Vaults:5 | Reached skill level 11 in Fire Magic
 61897 | Vaults:5 | You pick up a book of Annihilations and begin reading...
 61897 | Vaults:5 | You add the spells Fire Storm and Shatter to your library.
 62420 | Slime:1  | Entered Level 1 of the Pits of Slime
 62919 | Slime:3  | Reached skill level 12 in Fire Magic
 63539 | D:11     | Bought a manual of Air Magic for 1360 gold pieces
 64348 | Slime:5  | Entered Level 5 of the Pits of Slime
 64377 | Slime:5  | Reached skill level 21 in Air Magic
 64407 | Slime:5  | Noticed the Royal Jelly
 64748 | Slime:4  | Reached skill level 22 in Air Magic
 64975 | Slime:4  | Reached XP level 25. HP: 158/165 MP: 24/49
 64982 | Slime:4  | Reached skill level 23 in Air Magic
 65574 | Slime:5  | Reached skill level 24 in Air Magic
 65616 | Slime:5  | Found a viscous altar of Jiyva.
 65623 | Slime:5  | Found the +16 obsidian axe {drain, demonic, Mesm Drain Fly
                  | SInv}
 65636 | Slime:5  | Killed the Royal Jelly
 65857 | Slime:5  | Got Sif Muna's Precepts of Chilly Heat
 65865 | Slime:5  | Got the Compendium of Infection
 65876 | Slime:5  | Identified the +5 dagger "Newtbane" {heavy, Drain Str+3
                  | Int+6}
 65907 | Slime:5  | Identified the +11 battleaxe "Newtslayer" {flame, rN+}
 65910 | Slime:5  | Identified the +0 scale mail "Uhextes" {Will+ Dex+4}
 65921 | Slime:5  | Identified the +3 war axe "Docuh" {venom, SInv}
 65955 | Slime:5  | Got a slimy rune of Zot
 65956 | Slime:5  | Identified the +10 dagger of Coatufih {freeze, *Slow Str+5}
 65974 | Slime:5  | You pick up a book of Winter and begin reading...
 65989 | Slime:5  | You pick up a book of Necromancy and begin reading...
 65989 | Slime:5  | You add the spells Necrotise, Vampiric Draining and Agony
                  | to your library.
 66408 | Vaults:3 | You drop a +0 quick blade of draining {shortrare=g}.
 66410 | Vaults:3 | You showed the slimy rune of Zot to enter a treasure trove
 66411 | Trove    | Entered a treasure trove
 66425 | Trove    | You add the spells Apportation, Call Imp, Animate Armour,
                  | Summon Cactus Giant and Summon Horrible Things to your
                  | library.
 66425 | Trove    | Got Sif Muna's Anthology of Hyperbolic Accomplices
 66428 | Trove    | You pick up a book of Conjurations {@e2} and begin
                  | reading...
 66428 | Trove    | You add the spells Magic Dart and Searing Ray to your
                  | library.
 66444 | Trove    | You pick up a book of Armaments and begin reading...
 66444 | Trove    | You add the spells Stone Arrow and Lehudib's Crystal Spear
                  | to your library.
 66453 | Trove    | You pick up a book of Conjurations {@e2} and begin
                  | reading...
 66467 | Trove    | You pick up a book of Conjurations {@e2} and begin
                  | reading...
 66473 | Trove    | You add the spells Passwall, Summon Forest and Malign
                  | Gateway to your library.
 66473 | Trove    | Got Coghaat's Excursus on Space and the Shapeshifter
 66476 | Trove    | You pick up a book of Blood and begin reading...
 66476 | Trove    | You add the spells Wereblood and Summon Hydra to your
                  | library.
 66479 | Trove    | You pick up a book of Minor Magic and begin reading...
 66493 | Vaults:3 | U - a +0 quick blade of draining {shortrare=g}
 66843 | Depths:4 | magus.rc [v1.9.6]
 66845 | Zot:1    | Entered Level 1 of the Realm of Zot
 66854 | Zot:1    | Reached skill level 25 in Air Magic
 66854 | Zot:1    | Noticed an electric golem
 66867 | Zot:1    | Killed an electric golem
 67173 | Zot:2    | Noticed Vv
 67207 | Zot:2    | Reached skill level 26 in Air Magic
 67364 | Zot:2    | Learned a level 9 spell: Chain Lightning
 67364 | Zot:2    | magus.rc [v1.9.6]
 68235 | Zot:2    | Killed Vv
 68326 | Zot:2    | Reached skill level 27 in Air Magic
 68955 | Zot:1    | Identified the +2 chain mail "Ataaxot" {Contam Harm rPois
                  | Dex+3}
 69148 | Zot:1    | Got the Handbook of Gusty Congelation
 69253 | Zot:1    | Noticed an electric golem
 69257 | Zot:1    | Killed an electric golem
 69376 | Zot:1    | Reached skill level 21 in Conjurations
 69656 | Zot:3    | Found Otraaps's Changing Room.
 69701 | Zot:3    | Noticed a curse toe
 69709 | Zot:3    | Killed a curse toe
 69848 | Zot:4    | Found the ring of the Octopus King
 69932 | Zot:5    | Entered Level 5 of the Realm of Zot
 69939 | Zot:5    | Reached skill level 22 in Conjurations
 70141 | Zot:5    | Noticed an orb of fire
 70145 | Zot:5    | Killed an orb of fire
 70153 | Zot:5    | Noticed a curse toe
 70156 | Zot:5    | Killed a curse toe
 70157 | Zot:5    | Reached XP level 26. HP: 134/172 MP: 24/49
 70281 | Zot:5    | Identified the staff "Tukeonip" {rPois Will++ Stlth+ Earth}
 70284 | Zot:5    | magus.rc [v1.9.6]
 70375 | Zot:5    | You pick up a book of Geomancy and begin reading...
 70505 | Zot:5    | Reached skill level 23 in Conjurations
 70618 | Zot:5    | Learned a level 7 spell: Haunt
 70673 | Zot:5    | Noticed an ancient lich
 70684 | Zot:5    | Noticed an orb of fire
 70685 | Zot:5    | Noticed an orb of fire
 70691 | Zot:5    | Gained mutation: You are weak. (Str -2) [an orb of fire]
 70693 | Zot:5    | Killed an orb of fire
 70694 | Zot:5    | Reached skill level 9 in Necromancy
 70712 | Zot:5    | Noticed an electric golem
 70717 | Zot:5    | Noticed an orb of fire
 70719 | Zot:5    | Noticed an orb of fire
 70719 | Zot:5    | Killed an ancient lich
 70723 | Zot:5    | Noticed a Killer Klown
 70723 | Zot:5    | Killed an electric golem
 70730 | Zot:5    | Reached skill level 13 in Summonings
 70737 | Zot:5    | Noticed an orb of fire
 70740 | Zot:5    | Noticed a Killer Klown
 70741 | Zot:5    | Noticed a Killer Klown
 70746 | Zot:5    | Killed a Killer Klown
 70757 | Zot:5    | Noticed an orb of fire
 70758 | Zot:5    | Got the Orb of Zot
 70798 | Zot:5    | Killed an ancient lich
 71383 | D:$      | Escaped with the Orb!

Vanquished Creatures
  the Royal Jelly (Slime:5)
  A dread lich (Vaults:5)
  Mennas (Vaults:2)
  2 orbs of fire (Zot:5)
  4 juggernauts
  Vv (Zot:2)
  Boris (Vaults:3)
  2 curse toes
  12 golden dragons
  Nikola (Vaults:1)
  2 electric golems (Zot:1)
  4 tentacled monstrosities
  A lich (Depths:4)
  2 titans
  2 Orb Guardians (Zot:5)
  2 quicksilver dragons
  2 sphinxes
  4 death cobs
  5 shadow dragons
  17 acid blobs
  Frances (Snake:1)
  6 draconian monks
  3 tengu reavers (Vaults:5)
  6 storm dragons
  Donald (Swamp:1)
  10 rockslimes
  3 nagarajas
  8 azure jellies
  3 frost giants
  3 draconian knights
  2 fire giants
  A balrug (Depths:2)
  8 draconian scorchers
  2 deep elf sorcerers (Vaults:5)
  2 iron dragons (Vaults:5)
  5 vault wardens (Vaults:5)
  A ghost moth (Zot:5)
  An orc warlord (Vaults:3)
  A draconian shifter (Zot:2)
  3 draconian stormcallers
  9 quicksilver oozes
  A draconian annihilator (Zot:2)
  2 war gargoyles
  3 very ugly things
  A cacodemon (Snake:2)
  6 ironbound preservers
  A spriggan defender (Depths:1)
  7 stone giants
  A reaper (D:12)
  2 ironbound thunderhulks
  2 formless jellyfish
  2 eleionomae
  A vampire knight (Depths:2)
  7 green draconians
  2 bunyips (Swamp:4)
  7 white draconians
  4 dire elephants
  4 purple draconians
  7 red draconians
  A minotaur (Gauntlet)
  4 yellow draconians
  3 deep elf demonologists
  2 black draconians (Zot:2)
  2 deep elf annihilators (Vaults:5)
  4 spark wasps
  4 ettins
  Snorg (Lair:5)
  3 crystal guardians
  7 fire dragons
  A merfolk javelineer (Depths:2)
  A merfolk impaler (Depths:2)
  A spriggan zombie (D:15)
  18 vault guards
  4 great orbs of eyes
  4 deep elf high priests
  7 yaktaur captains
  3 ice dragons
  3 rakshasas
  7 hydras
  7 centaur warriors
  An ironbound frostheart (Vaults:1)
  4 ogre magi
  5 anacondas (Snake:4)
  A hell beast (Depths:2)
  3 peacekeepers
  6 catoblepae
  4 boulder beetles
  3 death knights
  2 naga warriors
  3 deep troll earth magi
  3 deep troll shamans
  3 alligators
  11 two-headed ogres
  6 death yaks (Lair:5)
  3 tengu warriors
  2 vampire magi (Depths:4)
  A thrashing horror (Swamp:4)
  4 hell hogs (D:3)
  A hell knight (Depths:4)
  5 naga sharpshooters
  4 nameless horrors
  Sonja (D:11)
  5 orc high priests
  3 spriggan berserkers
  A soul eater (Depths:2)
  3 shock serpents
  3 deep elf knights
  8 sun demons (Depths:2)
  Nergalle (Lair:2)
  A fire crab (Gauntlet)
  6 iron trolls
  A shadow demon (D:1)
  A flayed ghost (Depths:3)
  3 goliath frogs (Swamp:1)
  3 glowing orange brains (Depths:1)
  A sea snake (Snake:2)
  An orb spider (shapeshifter) (Snake:2)
  2 skeletal warriors
  22 deep trolls
  5 lindwurms
  A naga ritualist (Snake:1)
  A swamp dragon (Swamp:4)
  Jeremiah (D:7)
  2 bog bodies (Swamp:1)
  A spriggan druid (Swamp:1)
  8 ironbound convokers
  A wizard (Vaults:2)
  4 phantasmal warriors
  7 orc knights
  5 deep elf pyromancers
  A mana viper (Snake:4)
  9 manticores
  A tengu skeleton (Vaults:5)
  10 orc sorcerers
  4 shining eyes
  4 deep elf zephyrmancers
  3 necromancers
  3 salamanders (Volcano)
  12 cyclopes
  A shadow dragon skeleton (D:15)
  11 ugly things
  2 will-o-the-wisps
  8 elephants (Lair:4)
  4 molten gargoyles (D:13)
  11 moths of wrath
  10 black mambas
  6 guardian serpents
  2 naga magi
  A worldbinder (Snake:2)
  An orange demon (Swamp:4)
  2 gargoyles (D:12)
  A cane toad (shapeshifter) (D:14)
  6 vault sentinels
  8 cane toads
  Maggie (D:9)
  5 eyes of devastation
  An unseen horror (D:12)
  A minotaur zombie (Gauntlet)
  5 freezing wraiths
  17 komodo dragons
  4 yaktaurs
  6 kobold demonologists
  4 rime drakes
  4 efreet
  A tengu conjurer (D:15)
  3 trolls
  4 polar bears
  2 red devils (Depths:2)
  2 queen bees
  6 meliai (D:14)
  A bloated husk (Swamp:2)
  4 hornets
  3 blink frogs (Lair:2)
  A raiju (D:12)
  2 iron dragon simulacra (Depths:3)
  5 tyrant leeches
  A fire giant simulacrum (Depths:3)
  A centaur simulacrum (D:12)
  59 slime creatures
  A spriggan (shapeshifter) (Vaults:5)
  A water elemental (Depths:2)
  52 yaks
  A human (D:14)
  4 wraiths
  16 wyverns
  6 basilisks
  3 spriggans
  Grum (Lair:1)
  A shadow (D:10)
  An ettin skeleton (Vaults:5)
  A human (shapeshifter) (Vaults:5)
  15 fire bats
  4 golden eyes
  A chaos spawn (Depths:2)
  A human simulacrum (Vaults:5)
  4 steam dragons
  2 wargs
  9 swamp worms
  3 vampire mosquitoes
  2 acid dragons
  16 nagas
  9 water moccasins
  2 floating eyes
  A hell hound (Depths:2)
  29 orc warriors
  5 black bears
  A swamp drake (D:10)
  2 sky beasts (D:8)
  A boggart (Vaults:1)
  5 ogres
  20 wolves
  A human skeleton (Vaults:2)
  12 centaurs
  An earth elemental (D:12)
  6 kobold brigands
  A gnoll sergeant (D:9)
  15 bullfrogs
  5 scorpions
  15 wights
  66 killer bees
  8 electric eels
  7 howler monkeys
  2 hounds
  23 orc priests
  3 jellies
  A sleepcap (D:4)
  Natasha (thrice) (D:2)
  3 iguanas
  28 orc wizards
  6 hell rats (Lair:5)
  7 adders
  11 gnolls
  2 shadow imps
  3 white imps
  An ufetubus (D:5)
  2 worms (D:2)
  4 dart slugs (D:1)
  77 orcs
  13 ball pythons
  6 bats
  2 endoplasms
  4 giant cockroaches
  4 goblins
  6 hobgoblins
  6 quokkas
  A frilled lizard (D:1)
  19 kobolds
  6 rats
  A spectral orc (D:3)
1335 creatures vanquished.

Vanquished Creatures (collateral kills)
  An ancient lich (Zot:5)
  Josephina (Depths:3)
  2 Killer Klowns (Zot:5)
  2 golden dragons
  the Enchantress (Depths:1)
  An electric golem (Zot:5)
  2 tentacled monstrosities
  14 Orb Guardians
  A titan (Vaults:5)
  Mlioglotl (Snake:3)
  10 acid blobs
  A sphinx (Vaults:5)
  A thorn hunter (Swamp:2)
  4 tengu reavers
  Aizul (Snake:4)
  An azure jelly (Slime:5)
  5 storm dragons
  2 nagarajas (Snake:4)
  The ghost of Qieluc Pino the Warrior, an adept MeEE of Cheibriados (Snake:2)
  2 fire giants
  Louise (Swamp:1)
  A draconian knight (Zot:2)
  7 vault wardens
  2 draconian scorchers
  A draconian shifter (Zot:2)
  6 frost giants
  3 quicksilver oozes
  A draconian stormcaller (Depths:4)
  4 spriggan defenders
  2 very ugly things
  A formless jellyfish (shapeshifter) (Vaults:5)
  An orc warlord (Vaults:2)
  A cacodemon (Snake:2)
  A war gargoyle (Vaults:2)
  18 ironbound preservers
  5 stone giants
  3 green draconians
  2 draconian annihilators (Depths:4)
  3 formless jellyfish
  2 black draconians (Zot:2)
  2 ironbound thunderhulks
  A vampire knight (Depths:1)
  A deep elf demonologist (Vaults:5)
  An eleionoma (Swamp:4)
  9 dire elephants
  2 red draconians (Depths:4)
  3 spark wasps
  3 bunyips
  A deep elf annihilator (Vaults:2)
  2 white draconians (Zot:5)
  A fire dragon (Depths:1)
  2 green deaths (Swamp:4)
  14 yaktaur captains
  2 entropy weavers
  7 ettins
  8 great orbs of eyes
  2 rakshasas (Depths:1)
  7 hydras
  3 peacekeepers
  2 caustic shrike simulacra (Depths:3)
  A deep elf high priest (Vaults:5)
  3 ice dragons (Depths:3)
  2 salamander tyrants
  19 vault guards
  4 spriggan air magi
  6 anacondas
  4 ironbound frosthearts
  An ogre mage (Vaults:3)
  4 two-headed ogres (Vaults:3)
  A boulder beetle (D:14)
  4 centaur warriors (Vaults:3)
  8 alligators
  5 deep troll shamans
  8 naga warriors
  3 tengu warriors
  A deep troll earth mage (Depths:3)
  2 vampire magi
  12 naga sharpshooters
  2 shock serpents
  4 spriggan berserkers
  5 hell knights
  3 goliath frogs
  4 iron trolls
  A skyshark (Lair:5)
  A sea snake (shapeshifter) (Vaults:5)
  3 spriggan druids
  A salamander mystic (Snake:3)
  A skeletal warrior (D:15)
  58 deep trolls
  A flayed ghost (Depths:1)
  A naga ritualist (Snake:4)
  4 bog bodies
  11 ironbound convokers
  11 lindwurms
  2 sea snakes (Snake:2)
  8 swamp dragons
  4 glowing orange brains
  3 phantasmal warriors
  2 necromancers
  A wizard (Vaults:2)
  5 mana vipers
  7 orc knights
  A stone giant zombie (D:15)
  10 ugly things
  A deep elf pyromancer (D:15)
  A cyclops (D:15)
  9 salamanders
  2 shining eyes
  A will-o-the-wisp (Swamp:3)
  4 moths of wrath
  14 naga magi
  2 guardian serpents
  A nameless horror (Vaults:5)
  A fire giant skeleton (Vaults:2)
  12 black mambas
  4 eyes of devastation
  14 vault sentinels
  An orange demon (Swamp:4)
  2 human zombies (Vaults:2)
  18 yaktaurs
  3 freezing wraiths
  A tengu conjurer (D:15)
  A bloated husk (Swamp:2)
  6 hornets
  2 meliai (D:14)
  A troll (D:15)
  5 tyrant leeches
  A merfolk (shapeshifter) (Vaults:5)
  A spriggan skeleton (D:15)
  39 slime creatures
  An ettin skeleton (Vaults:5)
  A culicivora (shapeshifter) (D:15)
  3 shadows (Swamp:4)
  7 spriggans
  A basilisk (Lair:5)
  A human (shapeshifter) (Vaults:5)
  2 vampire mosquitoes (Swamp:2)
  2 large abominations (Swamp:4)
  22 nagas
  A floating eye (shapeshifter) (Depths:1)
  9 swamp worms
  A floating eye (Depths:1)
  2 swamp drakes
  2 orc warriors
  An ogre (shapeshifter) (Vaults:5)
  3 ogres (Vaults:3)
  2 boggarts (Vaults:1)
  3 killer bees (D:14)
  An electric eel (Snake:2)
  An orc priest (D:8)
  3 orcs
650 creatures vanquished.

Vanquished Creatures (others)
  An ancient lich (Zot:5)
  A Killer Klown (Zot:5)
  6 Orb Guardians (Zot:5)
  2 death cobs (Zot:5)
  A storm dragon (Zot:5)
  A deep elf zephyrmancer (Elf:1)
  A moth of wrath (Zot:5)
  A centaur (D:8)
  A kobold brigand (D:8)
  An orc wizard (D:8)
  4 foxfires (Swamp:3)
  A lurking horror (Snake:2)
21 creatures vanquished.

Grand Total: 2006 creatures vanquished

Table legend:
 A = Non-vault XP
 B = Vault XP
 C = Vault XP percentage of total XP
 D = Non-vault monster count
 E = Vault monster count
 F = Vault count percentage of total count
                 A         B        C        D         E       F
            +---------+---------+-------+---------+---------+-------
      Total |  613438 |  494209 |  44.6 |    1207 |     745 |  38.2
            +---------+---------+-------+---------+---------+-------
        D:1 |      53 |       3 |   5.4 |      27 |       2 |   6.9
        D:2 |     169 |      41 |  19.5 |      21 |       4 |  16.0
        D:3 |      51 |       1 |   1.9 |      16 |       1 |   5.9
        D:4 |     225 |      95 |  29.7 |      11 |       1 |   8.3
        D:5 |     661 |       0 |   0.0 |      18 |       0 |   0.0
        D:6 |    1053 |       0 |   0.0 |      20 |       0 |   0.0
        D:7 |    1189 |    2043 |  63.2 |      17 |       3 |  15.0
        D:8 |    1855 |    6717 |  78.4 |      30 |      32 |  51.6
        D:9 |    1205 |     395 |  24.7 |      16 |       1 |   5.9
       D:10 |    3421 |     567 |  14.2 |      22 |      17 |  43.6
       D:11 |    6946 |     788 |  10.2 |      30 |       1 |   3.2
       D:12 |    8198 |    3558 |  30.3 |      29 |       8 |  21.6
       D:13 |    4602 |    1801 |  28.1 |      16 |       5 |  23.8
       D:14 |   10728 |   22747 |  68.0 |      22 |      66 |  75.0
       D:15 |    8871 |    4983 |  36.0 |      19 |       8 |  29.6
     Lair:1 |    5032 |    3153 |  38.5 |      22 |      15 |  40.5
     Lair:2 |    5624 |    1809 |  24.3 |      25 |       2 |   7.4
     Lair:3 |    3212 |    2475 |  43.5 |       8 |      17 |  68.0
     Lair:4 |    9520 |       0 |   0.0 |      27 |       0 |   0.0
     Lair:5 |    5909 |   11840 |  66.7 |      27 |      24 |  47.1
    Swamp:1 |   14676 |    2569 |  14.9 |      29 |       2 |   6.5
    Swamp:2 |   13842 |       0 |   0.0 |      26 |       0 |   0.0
    Swamp:3 |    6263 |    2463 |  28.2 |      11 |       3 |  21.4
    Swamp:4 |   12727 |   19760 |  60.8 |      31 |      30 |  49.2
    Snake:1 |    9220 |    2567 |  21.8 |      20 |       3 |  13.0
    Snake:2 |   11328 |   10294 |  47.6 |      23 |      14 |  37.8
    Snake:3 |   13551 |    5536 |  29.0 |      29 |       7 |  19.4
    Snake:4 |    9442 |   27902 |  74.7 |      23 |      38 |  62.3
    Slime:1 |   13486 |       0 |   0.0 |      32 |       0 |   0.0
    Slime:2 |    6434 |       0 |   0.0 |       6 |       0 |   0.0
    Slime:3 |   13450 |       0 |   0.0 |      21 |       0 |   0.0
    Slime:4 |   17292 |    3903 |  18.4 |      25 |       3 |  10.7
    Slime:5 |    7884 |   25225 |  76.2 |      14 |      21 |  60.0
      Orc:1 |    2824 |    1988 |  41.3 |      33 |      33 |  50.0
      Orc:2 |    4489 |    8090 |  64.3 |      44 |      25 |  36.2
      Elf:1 |    1965 |    5400 |  73.3 |       3 |       9 |  75.0
   Vaults:1 |   17843 |   23643 |  57.0 |      26 |      38 |  59.4
   Vaults:2 |   30099 |   32690 |  52.1 |      45 |      37 |  45.1
   Vaults:3 |   45144 |   17355 |  27.8 |      62 |      17 |  21.5
   Vaults:4 |   23913 |   13528 |  36.1 |      36 |      16 |  30.8
   Vaults:5 |   27769 |   98523 |  78.0 |      35 |      95 |  73.1
   Depths:1 |   22901 |   10718 |  31.9 |      29 |      11 |  27.5
   Depths:2 |   17560 |   13187 |  42.9 |      19 |      20 |  51.3
   Depths:3 |   18153 |   29322 |  61.8 |      22 |      26 |  54.2
   Depths:4 |   50251 |   18012 |  26.4 |      42 |      16 |  27.6
      Zot:1 |   28748 |    4349 |  13.1 |      23 |       3 |  11.5
      Zot:2 |   37910 |    8265 |  17.9 |      32 |       6 |  15.8
      Zot:3 |   10250 |       0 |   0.0 |       7 |       0 |   0.0
      Zot:4 |   10923 |       0 |   0.0 |       9 |       0 |   0.0
      Zot:5 |   34577 |   30483 |  46.9 |      27 |      19 |  41.3
    Volcano |       0 |   10837 | 100.0 |       0 |      31 | 100.0
   Gauntlet |       0 |    4584 | 100.0 |       0 |      15 | 100.0
            +---------+---------+-------+---------+---------+-------

Skill      XL: |  1  2  3  4  5  6  7  8  9 10 11 12 13 14 15 16 17 18 19 20 21 22 23 24 25 26 |
---------------+-------------------------------------------------------------------------------+-----
Conjurations   | 2 3 4 10 11 12 14 16 20 22 23 | 23.1
Air Magic      | 5 6 7 9 12 13 14 16 17 18 20 22 27 | 27.0
Spellcasting   | 3 5 8 9 11 14 16 18 21 | 21.0
Fighting       | 4 7 8 10 12 14 15 16 19 | 19.0
Dodging        | 5 8 9 10 12 14 18 19 22 | 22.1
Evocations     | 6 7 |  7.1
Fire Magic     | 8 10 12 | 12.8
Necromancy     | 3 7 8 9 |  9.8
Short Blades   | 2 |  2.9
Staves         | 4 5 |  5.0
Summonings     | 7 12 13 | 13.8
Shields        | 4 6 8 |  8.0
Armour         | 4 6 8 |  8.0
Stealth        | 6 8 |  8.0

Action                     |  1- 3 |  4- 6 |  7- 9 | 10-12 | 13-15 | 16-18 | 19-21 | 22-24 | 25-27 || total
---------------------------+-------+-------+-------+-------+-------+-------+-------+-------+-------++-------
  Melee: Unarmed           |     4 |       |       |    12 |       |       |       |       |       ||    16
         Kick              |     4 |     1 |     3 |     9 |    31 |    17 |    13 |    14 |    16 ||   108
         Peck              |     2 |     1 |     1 |     7 |    19 |    12 |     5 |    11 |     8 ||    66
         Dagger            |     8 |    12 |     3 |       |       |       |       |       |       ||    23
         Quarterstaff      |       |       |     9 |       |       |       |       |       |       ||     9
         Glaive            |       |       |     6 |    36 |       |       |       |       |       ||    42
         Rapier            |       |       |       |       |    51 |       |     1 |       |       ||    52
         Staff             |       |       |       |       |    22 |    43 |    22 |    23 |    24 ||   134
         Punch             |       |       |       |       |     1 |       |       |       |       ||     1
   Fire: Sling             |       |       |       |   145 |   333 |       |       |       |       ||   478
  Throw: Throwing net      |     1 |       |       |       |       |       |       |       |       ||     1
   Cast: Shock             |    54 |   144 |   194 |   275 |   210 |     1 |     1 |       |       ||   879
         Static Discharge  |       |     3 |    10 |     9 |       |       |       |       |       ||    22
         Airstrike         |       |       |    13 |   155 |   139 |   105 |    90 |    47 |    13 ||   562
         Arcjolt           |       |       |       |     7 |    67 |     6 |       |     5 |       ||    85
         Plasma Beam       |       |       |       |       |   158 |   141 |   102 |   319 |    80 ||   800
         Death Channel     |       |       |       |       |     4 |     5 |     8 |       |       ||    17
         Call Canine Famil |       |       |       |       |     1 |     2 |       |       |       ||     3
         Spellforged Servi |       |       |       |       |       |    45 |    84 |    62 |    23 ||   214
         Irradiate         |       |       |       |       |       |     1 |     4 |       |       ||     5
         Maxwell's Capacit |       |       |       |       |       |       |     8 |    18 |    29 ||    55
         Chain Lightning   |       |       |       |       |       |       |       |       |    31 ||    31
         Haunt             |       |       |       |       |       |       |       |       |     1 ||     1
 Invoke: Call Merchant     |       |       |       |     1 |     4 |       |     4 |       |       ||     9
         Bribe Branch      |       |       |       |       |       |       |       |       |     2 ||     2
  Evoke: Wand              |       |       |     2 |     4 |    15 |     4 |     3 |     3 |     4 ||    35
         Phial of floods   |       |       |       |       |     1 |       |       |     1 |       ||     2
         Tin of tremorston |       |       |       |       |       |       |       |     2 |       ||     2
    Use: Scroll            |       |       |    10 |    14 |    10 |     2 |     4 |    11 |    12 ||    63
         Potion            |       |       |       |     2 |       |     5 |     6 |     2 |     3 ||    18
   Stab: Held in net/web   |     3 |       |       |       |       |       |       |       |       ||     3
         Sleeping          |     1 |     3 |       |       |     1 |       |     1 |       |       ||     6
         Distracted        |       |       |     1 |       |     1 |       |     1 |     1 |     1 ||     5
         Invisible         |       |       |       |       |       |     1 |       |       |       ||     1
 Armour: Robe              |     3 |     6 |    15 |    19 |       |       |       |       |       ||    43
         Skin              |       |       |       |     6 |       |       |       |       |       ||     6
         Steam dragon scal |       |       |       |    41 |    86 |    26 |    21 |     2 |       ||   176
         Acid dragon scale |       |       |       |       |       |       |       |    46 |    21 ||    67
  Dodge: Dodged            |    11 |    32 |    70 |   302 |   679 |   147 |   195 |   136 |   107 ||  1679
         Repelled          |       |       |       |       |     9 |       |       |       |       ||     9
  Block: Other             |       |    13 |     9 |    33 |       |       |       |       |       ||    55
         Reflection        |       |       |       |     3 |       |       |       |       |       ||     3
         Buckler           |       |       |       |       |       |    26 |    51 |    52 |    30 ||   159

Illustrated notes

Table legend:
 A = Kills in this place as a percentage of kills in the entire game.
 B = Kills by you in this place as a percentage of kills by you in the entire game.
 C = Kills by friends in this place as a percentage of kills by friends in the entire game.
 D = Other kills in this place as a percentage of other kills in the entire game.
 E = Experience gained in this place as a percentage of experience gained in the entire game.
 F = Experience gained in this place divided by the number of levels of this place that you have seen.
                   A       B       C       D       E      F
               +-------+-------+-------+-------+-------+----------------------
         Total | 100.0 | 100.0 | 100.0 | 100.0 | 100.0 | 21026.3
       Dungeon |  23.9 |  33.9 |   3.4 |  50.0 |   8.8 | 6532.7
          Lair |   8.5 |  12.6 |   0.3 |   0.0 |   4.4 | 9714.8
         Swamp |   6.7 |   3.5 |  13.4 |   0.0 |   6.5 | 18075.0
     Snake Pit |   8.0 |   3.7 |  16.8 |   0.0 |   8.1 | 22460.0
    Slime Pits |   6.2 |   5.6 |   7.6 |   0.0 |   7.9 | 17534.8
  Orcish Mines |   6.9 |  10.3 |   0.0 |   0.0 |   1.6 | 8695.5
   Elven Halls |   0.6 |   0.8 |   0.0 |  16.7 |   0.7 | 7365.0
        Vaults |  20.8 |  10.8 |  41.3 |   0.0 |  29.7 | 66101.4
        Depths |   9.5 |   8.3 |  12.0 |   0.0 |  16.3 | 45457.2
           Zot |   6.4 |   6.9 |   5.3 |  33.3 |  14.9 | 33101.0
       Volcano |   1.6 |   2.4 |   0.0 |   0.0 |   1.0 | 10837.0
      Gauntlet |   0.8 |   1.1 |   0.0 |   0.0 |   0.4 | 4584.0
               +-------+-------+-------+-------+-------+----------------------

Table legend: (Time is in decaauts)
 A = Elapsed time spent in this place.
 B = Non-inter-level travel time spent in this place.
 C = Inter-level travel time spent in this place.
 D = Time resting spent in this place.
 E = Time spent auto-exploring this place.
 F = Levels seen in this place.
 G = Mean time per level.
                   A        B        C        D        E       F      G
               +--------+--------+--------+--------+--------+-----+--------+
         Total |  68242 |  62686 |   5556 |   9397 |  42079 |  53 | 1287.6 |
       Dungeon |  22796 |  20350 |   2446 |   3548 |  13689 |  15 | 1519.7 |
          Lair |   9340 |   8622 |    718 |   1478 |   5898 |   5 | 1868.0 |
         Swamp |   2919 |   2759 |    160 |      0 |   2228 |   4 |  729.8 |
     Snake Pit |   5150 |   4927 |    223 |    342 |   3803 |   4 | 1287.5 |
    Slime Pits |   3016 |   2841 |    175 |    875 |   1296 |   5 |  603.2 |
  Orcish Mines |   3200 |   3093 |    107 |    691 |   1684 |   2 | 1600.0 |
   Elven Halls |    266 |    239 |     27 |    135 |     50 |   1 |  266.0 |
        Vaults |   9334 |   8566 |    768 |    480 |   6267 |   5 | 1866.8 |
        Depths |   6209 |   5474 |    735 |    424 |   4190 |   4 | 1552.2 |
           Zot |   3825 |   3634 |    191 |    748 |   2155 |   5 |  765.0 |
         Trove |     73 |     73 |      0 |      0 |      0 |   1 |   73.0 |
       Volcano |   1560 |   1560 |      0 |    465 |    684 |   1 | 1560.0 |
      Gauntlet |    549 |    549 |      0 |    206 |    131 |   1 |  549.0 |
               +--------+--------+--------+--------+--------+-----+--------+

Top non-repeatable levels by time:
     D:8: 3050 daAuts
  Lair:4: 2434 daAuts
    D:10: 2391 daAuts
Vaults:5: 2290 daAuts
     D:7: 2218 daAuts
    D:14: 2176 daAuts
  Lair:5: 2030 daAuts
Vaults:1: 2024 daAuts
Vaults:2: 2010 daAuts
  Lair:1: 1983 daAuts
   Orc:2: 1895 daAuts
    D:13: 1725 daAuts
Depths:3: 1707 daAuts
   Zot:2: 1673 daAuts
Depths:4: 1615 daAuts
